 Dungeon Crawl Stone Soup version 0.29.1-1-gd02db6906a (webtiles) character file.

Game seed: 12888101510820828689

1610497 sleeves the Metallomancer (level 27, 167/219 (221) HPs)
             Began as a Palentonga Delver on Sept 16, 2022.
             Was an Initiate of Gozag.
             Escaped with the Orb
             ... and 4 runes on Sept 17, 2022!
             The game lasted 08:34:14 (148341 turns).

sleeves the Metallomancer (Palentonga Delver)     Turns: 148341, Time: 08:34:14

HP:   167/219 (221) AC: 22    Str: 21    XL:     27
MP:   40/42         EV: 16    Int: 26    God:    Gozag
Gold: 187           SH: 11    Dex: 17    Spells: 16/66 levels left

rFire   + + .      SeeInvis +   a - +9 eveningstar (freeze)
rCold   + + +      Faith    .   V - +4 buckler of the Equator {Dex+4}
rNeg    + . .      Spirit   .   L - +1 robe {Will+}
rPois   .          Reflect  .   H - +2 helmet {Int+3}
rElec   .          Harm     .   N - +2 cloak of Jigsaw {rF+ rC+ rCorr Int-3}
rCorr   +          Rampage  .   c - +2 pair of gloves of the Kraken {rC- Will+ Int+4 Stlth+}
Will    ++++.      Archmagi +   K - +0 barding
Stlth   +.........              E - dreamshard necklace {*Dream Drain}
HPRegen 0.46/turn               i - ring of the Mage {Wiz Archmagi}
MPRegen 0.28/turn               Y - ring "Hutuohes" {rF+ rC+++ rN+ Str+2 Stlth-}

@: studying Unarmed Combat, lightly drained
A: large, rugged brown scales 3, see invisible, deformed body, roll 1, armoured
tail, reflexive curl, hooves 2, low MP 1, passive freeze, MP-powered wands
0: Orb of Zot
}: 4/15 runes: decaying, serpentine, slimy, silver
a: Rolling Charge, Renounce Religion, Potion Petition, Call Merchant, Bribe
Branch


You escaped.
You worshipped Gozag.
Gozag was aware of your devotion.
You visited 13 branches of the dungeon, and saw 57 of its levels.
You also visited: Trove, Bailey, Ice Cave and Volcano.

You collected 36423 gold pieces.
You spent 10609 gold pieces at shops.
You paid 25627 gold pieces to Gozag.

Inventory:

Hand Weapons
 a - a +9 eveningstar of freezing (weapon)
   (You took it off Urug on level 11 of the Dungeon)
 z - a +5 demon whip of flaming
   (You found it on level 3 of the Vaults)
 Z - the +8 whip "Snakebite" {venom, curare, rPois}
   (You bought it in a shop on level 4 of the Dungeon)

   It poisons the flesh of those it strikes.
   It occasionally inflicts asphyxiating poison on those it strikes, dealing
   poison damage and causing slowness.
   rPois:     It protects you from poison.
Missiles
 j - 5 poisoned darts
Armour
 c - the +2 pair of gloves of the Kraken (worn) {rC- Will+ Int+4 Stlth+}
   (You found it on level 3 of the Elven Halls)

   Int:       It affects your intelligence (+4).
   rC:        It makes you vulnerable to cold.
   Will:      It increases your willpower.
   Stlth:     It makes you more stealthy.
 k - a +1 robe of resistance
   (You took it off a vampire mage on level 1 of the Crypt)
 u - the +1 cloak "Dusku" {rElec Str+3 Dex+2 Slay+3}
   (You bought it in a shop on level 9 of the Dungeon)

   Str:       It affects your strength (+3).
   Dex:       It affects your dexterity (+2).
   Slay:      It affects your accuracy & damage with ranged weapons and melee
   (+3).
   rElec:     It insulates you from electricity.
 H - a +2 helmet of intelligence (worn)
   (You bought it in a shop on level 1 of the Vaults)
 K - a +0 barding (worn)
   (You found it on level 6 of the Dungeon)
 L - a +1 robe of willpower (worn)
   (You took it off Josephine on level 10 of the Dungeon)
 N - the +2 cloak of Jigsaw (worn) {rF+ rC+ rCorr Int-3}
   (You bought it in a shop on level 9 of the Dungeon)

   Int:       It affects your intelligence (-3).
   rF:        It protects you from fire.
   rC:        It protects you from cold.
   rCorr:     It protects you from acid and corrosion.
 V - the +4 buckler of the Equator (worn) {Dex+4}
   (You acquired it on level 4 of the Lair of Beasts)

   Dex:       It affects your dexterity (+4).
Magical Staves
 b - a staff of earth
   (You found it on level 1 of the Crypt)
Jewellery
 i - the ring of the Mage (left hand) {Wiz Archmagi}
   (You bought it in a shop on level 9 of the Dungeon)

   [ring of wizardry]

   It improves your spell success rate.
   Archmagi:  It increases the power of your magical spells.
 r - an amulet of reflection
   (You took it off a purple draconian on level 3 of the Realm of Zot)
 D - a ring of willpower
   (You found it on level 3 of the Dungeon)
 E - the dreamshard necklace (around neck) {*Dream Drain}
   (You found it on level 4 of the Lair of Beasts)

   [amulet of nothing]

   It shatters if its wearer takes lethal or near-lethal damage, preventing the
   blow and releasing protective dreams that heal and fight for the wearer.
   Drain:     It drains your maximum health when unequipped.
 I - the ring "Ahiheth" {rF+ rC+}
   (You found it on level 5 of the Pits of Slime)

   [ring of protection from cold]

   rF:        It protects you from fire.
   rC:        It protects you from cold.
 W - the ring "Erissice" {rPois MP+9 EV+4 Str+4 Dex-5}
   (You found it on level 5 of the Pits of Slime)

   [ring of evasion]

   EV:        It affects your evasion (+4).
   Str:       It affects your strength (+4).
   Dex:       It affects your dexterity (-5).
   rPois:     It protects you from poison.
   MP:        It affects your magic capacity (+9).
 X - the amulet of Ygesmoph {Faith rN+ Dex+4 SInv}
   (You found it on level 5 of the Pits of Slime)

   [amulet of faith]

   It allows you to gain divine favour quickly.
   Dex:       It affects your dexterity (+4).
   rN:        It protects you from negative energy.
   SInv:      It lets you see invisible.
 Y - the ring "Hutuohes" (right hand) {rF+ rC+++ rN+ Str+2 Stlth-}
   (You bought it in a shop on level 9 of the Dungeon)

   [ring of protection from fire]

   Str:       It affects your strength (+2).
   rF:        It protects you from fire.
   rC:        It renders you almost immune to cold.
   rN:        It protects you from negative energy.
   Stlth:     It makes you less stealthy.
Wands
 g - a wand of digging (5)
 v - a wand of iceblast (46)
   (You took it off a kobold brigand on level 10 of the Dungeon)
 A - a wand of quicksilver (30)
   (You found it on level 3 of the Dungeon)
Scrolls
 d - 12 scrolls of magic mapping
 e - 5 scrolls of immolation
 m - 10 scrolls of amnesia
 o - 8 scrolls of poison
 p - 2 scrolls of fear
 q - 18 scrolls of teleportation
 x - 31 scrolls of identify
 y - 13 scrolls of butterflies
 M - 8 scrolls of vulnerability
 O - 4 scrolls of brand weapon
 R - 6 scrolls of torment
 S - a scroll of enchant weapon
 T - 9 scrolls of enchant armour
 U - 4 scrolls of silence
Potions
 f - a potion of haste
 l - 5 potions of mutation
 n - a potion of brilliance
 s - 4 potions of might
 t - 24 potions of curing
 B - 4 potions of magic
 C - 13 potions of flight
 F - 3 potions of ambrosia
 G - 3 potions of berserk rage
 J - a potion of heal wounds
 P - 3 potions of cancellation
 Q - a potion of resistance
Miscellaneous
 w - a phantom mirror (inert)
   (You found it in a bailey)


   Skills:
 - Level 15.0 Fighting
 - Level 16.0 Maces & Flails
 - Level 10.0 Armour
 - Level 15.0 Dodging
 - Level 3.3 Stealth
 - Level 11.5 Shields
 - Level 20.0 Spellcasting
 - Level 14.1 Conjurations
 - Level 12.0 Translocations
 - Level 10.0 Transmutations
 + Level 25.7 Earth Magic


You had 16 spell levels left.
You knew the following spells:

 Your Spells              Type           Power      Damage    Failure   Level
a - Borgnjor's Revivific  Necr           19%        N/A       100%        8
b - Lehudib's Crystal Sp  Conj/Erth      57%        10d13     1%          8
d - Shatter               Erth           63%        3d47*     1%          9
f - Iron Shot             Conj/Erth      57%        9d11      1%          6
g - Passage of Golubria   Tloc           93%        N/A       1%          4
h - Mephitic Cloud        Conj/Pois/Air  66%        N/A       1%          3
i - Statue Form           Tmut/Erth      72%        N/A       1%          6
j - Dispersal             Tloc           46%        N/A       1%          6

Your spell library contained the following spells:

 Spells                   Type           Power      Damage    Failure   Level
 Magic Dart               Conj           100%       1d8       0%          1
 Searing Ray              Conj           100%       2d8       0%          2
 Stone Arrow              Conj/Erth      100%       3d13      0%          3
 Lee's Rapid Deconstruct  Erth           63%        3d30*     0%          5
 Foxfire                  Conj/Fire      100%       2x1d9     1%          1
 Necrotise                Necr           100%       1d9       1%          1
 Shock                    Conj/Air       100%       1d9       1%          1
 Sting                    Tmut/Pois      100%       1d8       1%          1
 Call Imp                 Summ           39%        N/A       1%          2
 Poisonous Vapours        Pois/Air       78%        N/A       1%          2
 Scorch                   Fire           78%        2d8       1%          2
 Static Discharge         Conj/Air       76%        3-13/arc  1%          2
 Conjure Flame            Conj/Fire      76%        6-21      1%          3
 Dazzling Flash           Conj/Hex       100%       N/A       1%          3
 Gell's Gravitas          Tloc           93%        N/A       1%          3
 Teleport Other           Tloc           93%        N/A       1%          3
 Animate Armour           Summ/Erth      100%       N/A       1%          4
 Flame Wave               Conj/Fire      76%        2d17      1%          4
 Fulminant Prism          Conj/Hex       38%        3d18      1%          4
 Ice Form                 Ice/Tmut       67%        N/A       1%          4
 Iskenderun's Mystic Bla  Conj/Tloc      96%        2d19      1%          4
 Leda's Liquefaction      Hex/Erth       48%        N/A       1%          4
 Blade Hands              Tmut           43%        N/A       1%          5
 Borgnjor's Vile Clutch   Necr/Erth      48%        N/A       1%          5
 Fireball                 Conj/Fire      38%        3d16      1%          5
 Irradiate                Conj/Tmut      46%        3d27      1%          5
 Iskenderun's Battlesphe  Conj           99%        2d15      1%          5
 Lightning Bolt           Conj/Air       38%        1d56      1%          5
 Summon Forest            Summ/Tloc      36%        N/A       1%          5
 Orb of Destruction       Conj           49%        9d13      1%          7
 Frozen Ramparts          Ice            78%        1d12      2%          3
 Inner Flame              Hex/Fire       39%        N/A       2%          3
 Ozocubu's Armour         Ice            39%        N/A       2%          3
 Swiftness                Air            39%        N/A       2%          3
 Tukima's Dance           Hex            39%        N/A       2%          3
 Vampiric Draining        Necr           39%        2d8       2%          3
 Yara's Violent Unravell  Hex/Tmut       33%        3d14      2%          5
 Freezing Cloud           Conj/Ice/Air   33%        6-21      3%          5
 Conjure Ball Lightning   Conj/Air       38%        3x3d12    6%          6
 Starburst                Conj/Fire      38%        6d11      6%          6
 Airstrike                Air            19%        2d(3-19)  8%          4
 Anguish                  Hex/Necr       19%        N/A       8%          4
 Olgreb's Toxic Radiance  Pois           39%        N/A       8%          4
 Summon Ice Beast         Ice/Summ       39%        N/A       8%          4
 Summon Lightning Spire   Summ/Air       39%        N/A       8%          4
 Dragon Form              Tmut           43%        N/A       11%         7
 Eringya's Noxious Bog    Tmut/Pois      33%        N/A       16%         6
 Agony                    Necr           39%        N/A       21%         5
 Metabolic Englaciation   Hex/Ice        19%        N/A       21%         5
 Silence                  Hex/Air        19%        N/A       21%         5
 Summon Mana Viper        Hex/Summ       39%        N/A       21%         5
 Spellforged Servitor     Conj/Summ      38%        N/A       32%         7
 Disjunction              Tloc           46%        N/A       32%         8
 Storm Form               Tmut/Air       33%        N/A       58%         7
 Death Channel            Necr           19%        N/A       71%         6
 Summon Cactus Giant      Summ           19%        N/A       71%         6
 Enfeeble                 Hex            19%        N/A       99%         7
 Ozocubu's Refrigeration  Ice            19%        4d11      99%         7
 Summon Hydra             Summ           19%        N/A       99%         7
 Necromutation            Tmut/Necr      33%        N/A       99%         8
 Discord                  Hex            19%        N/A       100%        8
 Ignition                 Fire           19%        3d7       100%        8
 Infestation              Necr           19%        N/A       100%        8
 Maxwell's Capacitive Co  Air            19%        ∞         100%        8
 Chain Lightning          Conj/Air       38%        3d50      100%        9
 Death's Door             Necr           19%        N/A       100%        9
 Fire Storm               Conj/Fire      38%        8d10      100%        9
 Polar Vortex             Ice            19%        N/A       100%        9
 Corpse Rot               Necr/Pois/Air  Unusable   N/A       N/A         4
 Simulacrum               Ice/Necr       Unusable   N/A       N/A         6

Dungeon Overview and Level Annotations

Branches:
Dungeon (15/15)            Temple (1/1) D:5            Lair (5/5) D:9
  Swamp (4/4) Lair:3        Snake (4/4) Lair:2        Slime (5/5) Lair:5
    Orc (2/2) D:12            Elf (3/3) Orc:2        Vaults (5/5) D:14
  Crypt (3/3) Vaults:3       Tomb (0/3) Crypt:3      Depths (4/4) D:15
   Hell (visited)             Zot (5/5) Depths:4     Bailey (visited)
  IceCv (visited)         Volcano (visited)
    Dis: Hell:1         Geh: Hell:1         Coc: Hell:1         Tar: Hell:1

Altars:
Ashenzari
Cheibriados
Dithmenos
Elyvilon
Fedhas
Gozag
Hepliaklqana
Kikubaaqudgha
Makhleb
Nemelex Xobeh
Okawaru
Qazlal
Ru
Sif Muna
Trog
Uskayaw
Vehumet
Wu Jian
Xom
Yredelemnul
Zin
The Shining One

Shops:
D:4 (   D:8 (   D:9 [=[:[?=:[*   D:12 ?   D:14 (   Orc:2 ?[!?   Elf:2 **
Snake:3 (   Vaults:1 [[=!?   Vaults:4 :   Depths:1 =::

Portals:
Hell: Depths:1 Depths:2 Depths:3 Depths:4
Abyss: Depths:3
Pandemonium: Depths:2
Ziggurat: Depths:1

Annotations:
Lair:2 vault
Lair:5 exclusion: obsidian statue
Swamp:2 Bai Suzhen
Snake:1 5 transporters
Slime:3 exclusion: upstairs
Elf:3 Mara
Vaults:3 Sojobo
Depths:3 8 runed translucent doors
Zot:1 2 transporters, Yliz's ghost, legendary DsBe


Innate Abilities, Weirdness & Mutations

You are completely covered in rugged brown scales. (AC +3, +7% HP)
You have supernaturally acute eyesight. (SInv)
Armour fits poorly on your strangely shaped body.
You can roll at nearby foes to attack.
You have a long armoured tail.
You curl defensively after being hit. (AC +7*)
You have hoof-like feet.
Your magical capacity is low. (-10% MP)
A frigid envelope surrounds you and freezes all who hurt you.
You expend magic power (3 MP) to strengthen your wands.


Message History

You feel a strong surge of power!
The iron shot misses the dread lich.
Casting: Iron Shot (safe; 1% risk of failure)
Confirm with . or Enter, or press ? or * to list all spells.
Aiming: Lehudib's Crystal Spear (mildly dangerous; 1% risk of failure)
Press: ? - help, Shift-Dir - straight line, f/p - dread lich
Aim: a dread lich (fast, 85% to hit)
You feel a strong surge of power!
The crystal spear hits the dread lich!!!
The dread lich is severely damaged.
The dread lich mumbles some strange words. x2
Casting: Lehudib's Crystal Spear (mildly dangerous; 1% risk of failure)
Confirm with . or Enter, or press ? or * to list all spells.
Aiming: Lehudib's Crystal Spear (mildly dangerous; 1% risk of failure)
Press: ? - help, Shift-Dir - straight line, f/p - dread lich
Aim: a dread lich (severely damaged, fast, 85% to hit)
You feel a strong surge of power!
The crystal spear hits the dread lich!!!
You destroy the dread lich!
The hell beast disappears in a puff of smoke!
The Ice Fiend disappears in a puff of smoke!
Key pressed, stopping explore.
You now have 4136 gold pieces (gained 5).
You see here a +0 short sword.
You now have 4173 gold pieces (gained 37).
You see here a +0 mace.
You now have 4181 gold pieces (gained 8).
Things that are here:
a +0 cloak; a +0 long sword You see here a +12 club.
You now have 4185 gold pieces (gained 4).
Things that are here:
a +0 cloak; a +0 long sword You see here a +12 club.
You now have 4193 gold pieces (gained 8).
You see here a +0 battleaxe.
You see here a +0 trident of freezing.
Things that are here:
a +2 cloak; a +0 great mace
Things that are here:
a +0 cloak; a +0 whip Key pressed, stopping explore.
You see here a +0 robe.
Things that are here:
a +0 cloak; a +0 whip of venom An electric golem is nearby!
You see here a +0 dire flail.
Okay, then.
Things that are here:
a +0 cloak; a +0 whip
Things that are here:
a +2 cloak; a +0 great mace You see here a +8 club of venom.
Items here: ))) [.
You see here a +10 club of venom.
You see here a +0 short sword.
Really walk into a travel-excluded area? [Y]es or [N]o only, please.
Really walk into a travel-excluded area? [Y]es or [N]o only, please.
Really walk into a travel-excluded area?
Okay, then.
Really walk into a travel-excluded area?
The obsidian statue's eyes glow briefly.
The obsidian statue's eyes glow briefly.
You see here 32 gold pieces.
Casting: Lehudib's Crystal Spear (mildly dangerous; 1% risk of failure)
Confirm with . or Enter, or press ? or * to list all spells.
You can't see any susceptible monsters within range! (Use Z to cast anyway.)
The iron imp shouts, "Slither home, thou odious moon-mazed haggard!"
The crimson imp blinks! x2
Casting: Lehudib's Crystal Spear (mildly dangerous; 1% risk of failure)
Confirm with . or Enter, or press ? or * to list all spells.
Aiming: Iron Shot (safe; 1% risk of failure)
Press: ? - help, Shift-Dir - straight line, f - neqoxec
Aim: a neqoxec (summoned, 77% to hit)
You feel a strong surge of power!
The iron shot hits the neqoxec!!!
You kill the neqoxec!
The neqoxec disappears in a puff of smoke!
The obsidian statue's eyes glow briefly.
The crimson imp blinks!
Casting: Iron Shot (safe; 1% risk of failure)
Confirm with . or Enter, or press ? or * to list all spells.
You feel a strong surge of power!
The dungeon rumbles!
You kill the crimson imp!
The crimson imp disappears in a puff of smoke!
You kill the iron imp!
The iron imp disappears in a puff of smoke!
You destroy the obsidian statue!
The crimson imp disappears in a puff of smoke!
The sixfirhy disappears in a puff of smoke!
Ka-crash!
You now have 4221 gold pieces (gained 28).
You see here a +0 mace.
You see here a +0 trident of freezing.
An electric golem is nearby!
Casting: Shatter (dangerous; 2% risk of failure)
Confirm with . or Enter, or press ? or * to list all spells.
You feel a strong surge of power!
You turn into a living statue of rough stone.
The +2 pair of gloves of the Kraken {rC- Will+ Int+4 Stlth+} melds into your body.
Your +0 barding melds into your body.
Your +1 robe of willpower melds into your body.
You feel less strong-willed.
The electric golem hurls lightning at you.
The bolt of lightning hits you. You resist.
You block the electric golem's attack.
The electric golem completely misses you.
The electric golem misses you.
The electric golem hits you but does no damage.
The electric golem resists.
The electric golem is very cold.
The electric golem is lightly damaged.
Your +9 eveningstar of freezing glows with a cold blue light!
a - a +9 eveningstar of freezing (weapon)
The electric golem hits you but does no damage. x2
The electric golem resists.
The electric golem is very cold.
The electric golem is lightly damaged.
You block the electric golem's attack.
The electric golem hits you but does no damage.
The electric golem resists.
The electric golem is very cold.
The electric golem is lightly damaged.
You barely miss the electric golem. You kick the electric golem.
The electric golem is lightly damaged.
The electric golem hurls lightning at you.
The bolt of lightning hits you. You resist.
The electric golem hurls lightning at you.
The bolt of lightning misses you.
You barely miss the electric golem. Your kick misses the electric golem.
Your tail-slap misses the electric golem.
The electric golem is lightly damaged.
The electric golem misses you. x2; You block the electric golem's attack.
The electric golem hits you but does no damage.
The electric golem resists.
The electric golem is very cold.
The electric golem is lightly damaged.
You miss the electric golem. You kick the electric golem.
The electric golem is lightly damaged.
The electric golem hits you but does no damage.
The electric golem resists.
The electric golem is very cold.
The electric golem is lightly damaged.
You block the electric golem's attack. The electric golem hits you!
The electric golem resists.
The electric golem is very cold.
The electric golem is lightly damaged.
The electric golem hits you but does no damage.
The electric golem resists.
The electric golem is very cold.
The electric golem is lightly damaged.
The electric golem hits you. The electric golem shocks you! You resist.
The electric golem resists.
The electric golem is very cold.
The electric golem is moderately damaged.
The electric golem misses you.
The electric golem hits you but does no damage.
The electric golem resists.
The electric golem is very cold.
The electric golem is moderately damaged.
The electric golem hits you but does no damage.
The electric golem resists.
The electric golem is very cold.
The electric golem is moderately damaged.
Press: ? - help, v - describe, . - travel, g - get item
Here: an electric golem (moderately damaged)
Items here: a +0 cloak; a +0 whip.
The floor, spattered with blood.
Unknown command.
Unknown command.
Unknown command.
Unknown command.
You barely miss the electric golem. You kick the electric golem!
Your tail-slap misses the electric golem.
The electric golem is moderately damaged.
The electric golem hurls lightning at you.
The bolt of lightning misses you. The electric golem barely misses you.
The electric golem hits you but does no damage.
The electric golem resists.
The electric golem is very cold.
The electric golem is moderately damaged.
You block the electric golem's attack. x2
You miss the electric golem. Your kick misses the electric golem.
The electric golem is moderately damaged.
You block the electric golem's attack.
The electric golem hits you but does no damage.
The electric golem completely resists.
The electric golem closely misses you.
The electric golem hits you but does no damage.
The electric golem blinks!
Things that are here:
a +0 cloak; a +0 whip Roll where?
Press: ? - help, Dir - move target, f - electric golem
Aim: an electric golem (moderately damaged)
You roll forward with a clatter of scales!
You hit the electric golem. You freeze the electric golem.
Your kick misses the electric golem.
The electric golem is moderately damaged.
The electric golem hurls lightning at you.
The bolt of lightning misses you.
The electric golem is distracted by your dazzling golden aura.
You thump the electric golem! You freeze the electric golem.
The electric golem is no longer distracted by gold.
You kick the electric golem!
Your tail-slap misses the electric golem.
The electric golem is heavily damaged.
The electric golem hits you but does no damage. x2
The electric golem resists.
The electric golem is very cold.
The electric golem is heavily damaged.
The electric golem hits you but does no damage.
The electric golem resists.
The electric golem is very cold.
The electric golem is heavily damaged.
The electric golem hits you but does no damage.
The electric golem hurls lightning at you.
The bolt of lightning hits you! You resist.
You closely miss the electric golem. Your kick misses the electric golem.
The electric golem is heavily damaged.
The electric golem hits you but does no damage.
The electric golem resists.
The electric golem is very cold.
The electric golem is heavily damaged.
The electric golem hits you. The electric golem shocks you! You resist.
You block the electric golem's attack.
The electric golem completely misses you.
You block the electric golem's attack.
The electric golem hits you but does no damage.
The electric golem resists.
The electric golem is very cold.
The electric golem is severely damaged.
The electric golem hits you but does no damage.
The electric golem resists.
The electric golem is very cold.
The electric golem is severely damaged.
The electric golem completely misses you.
You miss the electric golem. Your kick misses the electric golem.
The electric golem is severely damaged.
You block the electric golem's attack.
The electric golem hits you but does no damage.
The electric golem resists.
The electric golem is very cold.
The electric golem is severely damaged.
The electric golem hits you but does no damage.
The electric golem resists.
The electric golem is very cold.
The electric golem is severely damaged.
You block the electric golem's attack.
You hit the electric golem. Your kick misses the electric golem.
Your tail-slap misses the electric golem.
The electric golem is severely damaged.
The electric golem hits you. The electric golem shocks you! You resist.
The electric golem resists.
The electric golem is very cold.
The electric golem is severely damaged.
The electric golem hits you. The electric golem shocks you. You resist.
The electric golem resists.
The electric golem is very cold.
The electric golem is severely damaged.
The electric golem completely misses you.
The electric golem misses you.
The electric golem blinks!
The electric golem blinks!
Okay, then.
You hammer the electric golem like a gong!!!
You freeze the electric golem!
You destroy the electric golem!
You now have 4234 gold pieces (gained 13).
Magic restored.
Your transformation is almost over.
You revert to your normal fleshy form.
The +2 pair of gloves of the Kraken {rC- Will+ Int+4 Stlth+} unmelds from your body.
Your +0 barding unmelds from your body.
Your +1 robe of willpower unmelds from your body.
You feel strong-willed.
HP restored.
You see here a +0 robe.
Key pressed, stopping explore.
Things that are here:
a +0 cloak; a +0 whip You see here a +8 club of venom.
Items here: ))) [.
You see here a +10 club of venom.
You see here a +0 short sword.
You now have 4266 gold pieces (gained 32).
F - 3 potions of ambrosia (gained 2)
You now have 4282 gold pieces (gained 16).
You now have 4303 gold pieces (gained 21).
You now have 4310 gold pieces (gained 7).
You see here a +12 club of pain.
A shadow dragon comes into view.
Your +9 eveningstar of freezing stops glowing.
b - a staff of earth (weapon)
You feel a strong surge of power!
The iron shot hits the shadow dragon!!!
The shadow dragon is heavily wounded.
You feel a strong surge of power!
The iron shot hits the shadow dragon!!!
The shadow dragon is severely wounded.
Your +9 eveningstar of freezing glows with a cold blue light!
a - a +9 eveningstar of freezing (weapon)
You hit the shadow dragon. Your kick misses the shadow dragon.
The shadow dragon is severely wounded.
You block the shadow dragon's attack. The shadow dragon barely misses you. x2
You barely miss the shadow dragon.
You kick the shadow dragon, but do no damage.
The shadow dragon is severely wounded.
The shadow dragon breathes negative energy at you.
The bolt of negative energy misses you.
You hit the shadow dragon.
You kick the shadow dragon, but do no damage.
You tail-slap the shadow dragon, but do no damage.
The shadow dragon is almost dead.
You bludgeon the shadow dragon!! You freeze the shadow dragon.
You kill the shadow dragon!
No target in view!
You now have 4332 gold pieces (gained 22).
f - a potion of haste An Orb Guardian comes into view.
Your Orb Guardian grins greedily, jangling a coin purse.
Found the Orb of Zot and 22 gold pieces.
An Orb Guardian comes into view.
The Orb Guardian disappears!
The Orb Guardian reappears nearby!
Your Orb Guardian hits the Orb Guardian but does no damage.
The Orb Guardian disappears!
The Orb Guardian disappears!
Casting: Iron Shot (safe; 1% risk of failure)
Confirm with . or Enter, or press ? or * to list all spells.
You feel a surge of power!
You turn into a living statue of rough stone.
The +2 pair of gloves of the Kraken {rC- Will+ Int+4 Stlth+} melds into your body.
Your +0 barding melds into your body.
Your +1 robe of willpower melds into your body.
You feel less strong-willed.
Roll where?
Press: ? - help, Dir - move target, f - Orb Guardian
Aim: an Orb Guardian (ally target)
You roll forward with a clatter of scales!
You bludgeon the Orb Guardian!! You freeze the Orb Guardian!
You kick the Orb Guardian!
The Orb Guardian is severely wounded.
The Orb Guardian hits you.
The Orb Guardian is very cold.
The Orb Guardian is severely wounded.
Your Orb Guardian hits the Orb Guardian.
The Orb Guardian hits your Orb Guardian.
You strike the helpless Orb Guardian from behind!
You crush the Orb Guardian like a grape!!!
You freeze the Orb Guardian.
You kill the Orb Guardian!
You swap places.
You now have 4353 gold pieces (gained 21).
You revert to your normal fleshy form.
The +2 pair of gloves of the Kraken {rC- Will+ Int+4 Stlth+} unmelds from your body.
Your +0 barding unmelds from your body.
Your +1 robe of willpower unmelds from your body.
You feel strong-willed.
You see here the Orb of Zot.
You pick up the Orb of Zot!
The Orb lets out a hideous shriek!
The lords of Pandemonium are not amused.
Beware!
Now all you have to do is get back out of the dungeon!
You hear a roar!
An Orb Guardian comes into view.
Your Orb Guardian grins greedily, jangling a coin purse.
You swap places. 5 hell hounds come into view.
The hell hound barks! x4
Your Orb Guardian hits the hell hound.
Your Orb Guardian hits the hell hound but does no damage.
Your Orb Guardian hits the hell hound.
Something hits the hell hound!!
The hell hound dies!
The hell hound disappears!
The hell hound reappears nearby!
The hell hound breathes flames at you.
The blast of flame hits your Orb Guardian!
The blast of flame hits you but does no damage.
Your Orb Guardian hits the hell hound!!
Something completely misses the hell hound.
The hell hound barely misses your Orb Guardian.
Your Orb Guardian hits the hell hound!
The hell hound dies!
The hell hound bites your Orb Guardian but does no damage.
Your Orb Guardian hits something!!!
You feel a bit more experienced.
The hell hound is distracted by your dazzling golden aura.
The hell hound is no longer distracted by gold.
The hell hound is distracted by your dazzling golden aura.
Nerghex stares, then turns away, jangling a coin purse.
The soul eater stares, then turns away, jangling a coin purse.
A Nerghex, a ynoxinul and a soul eater come into view.
Your hellwing grins greedily, jangling a coin purse.
A hellwing comes into view.
Your Orb Guardian hits the hell hound!!
The hell hound is no longer distracted by gold.
The hell hound closely misses your Orb Guardian.
Your Orb Guardian misses the hell hound.
The hell hound barely misses your Orb Guardian.
Your Orb Guardian hits the hell hound!!
The hell hound dies!
The hell hound breathes flames at you.
The blast of flame hits you but does no damage.
The hell hound is distracted by your dazzling golden aura.
The hell hound is no longer distracted by gold.
Nerghex disappears!
You block the ynoxinul's attack.
The hell hound bites you but does no damage.
The hell hound is frozen!
The hell hound is very cold.
The hell hound is moderately wounded.
The ynoxinul completely misses you.
Your hellwing closely misses the ynoxinul. x2
The ynoxinul attacks as you move away! You block the ynoxinul's attack.
You block the hell hound's attack.
The ynoxinul hits your hellwing but does no damage.
Your hellwing hits the ynoxinul!
Your hellwing closely misses the ynoxinul.
The hell hound is distracted by your dazzling golden aura.
Your Orb Guardian hits the hell hound!
The hell hound is no longer distracted by gold.
The ynoxinul gestures at you. The iron shot misses your hellwing.
You block the iron shot.
Your hellwing misses the ynoxinul.
Your hellwing closely misses the ynoxinul.
The hell hound barely misses your Orb Guardian.
Your Orb Guardian hits the ynoxinul!
Your Orb Guardian hits the hell hound.
The hell hound dies!
The ynoxinul hits your hellwing but does no damage.
Your hellwing barely misses the ynoxinul.
Your hellwing hits the ynoxinul.
Your Orb Guardian hits the ynoxinul.
Your Orb Guardian hits the ynoxinul!
The ynoxinul dies!
You see here a +0 short sword.
You see here a +10 club of venom.
Items here: ))) [.
You see here a +8 club of venom.
The Orb Guardian hits you!!
The Orb Guardian is very cold.
The Orb Guardian is lightly wounded.
The Orb Guardian hits you!!
The Orb Guardian is very cold.
The Orb Guardian is moderately wounded.
You barely miss the Orb Guardian. You kick the Orb Guardian.
Your tail-slap misses the Orb Guardian.
The Orb Guardian is moderately wounded.
The Orb Guardian hits you but does no damage.
The Orb Guardian is very cold.
The Orb Guardian is moderately wounded.
You closely miss the Orb Guardian. Your kick misses the Orb Guardian.
You tail-slap the Orb Guardian, but do no damage.
The Orb Guardian is moderately wounded.
The Orb Guardian hits you!
The Orb Guardian is very cold.
The Orb Guardian is heavily wounded.
You bludgeon the Orb Guardian!! You freeze the Orb Guardian!
Your kick misses the Orb Guardian.
The Orb Guardian is almost dead.
Your Orb Guardian hits the Orb Guardian!!!
The Orb Guardian dies!
You now have 4371 gold pieces (gained 18).
Things that are here:
a +2 cloak; a +0 great mace
Things that are here:
a +0 cloak; a +0 whip
There is an open door here.
Your Executioner grins greedily, jangling a coin purse.
An Executioner comes into view.
You swap places.
You swap places.
Unknown command.
There is a stone staircase leading up here.
You climb upwards.
There is a stone staircase leading down here.
There is a fountain of clear blue water here.
There is a stone staircase leading up here.
You climb upwards.
There is a stone staircase leading down here.
You swap places. 2 hell hogs come into view.
You can't go up here!
A hell hog comes into view.
The hell hog squeals angrily.
Your Executioner gestures.
Your Executioner seems to speed up.
The hell hog moves out of view. x2
The hell hog squeals angrily.
The hell hog breathes fire at you.
The fireball explodes!
The fireball engulfs you! You resist.
The hell hog squeals angrily.
The hell hog breathes fire at you.
The fireball explodes!
The fireball engulfs you. You resist.
Your Executioner hits the hell hog. x2; Your Executioner hits the hell hog!
Your Executioner hits the hell hog!
Your Executioner hits the hell hog but does no damage.
Your Executioner hits the hell hog!
Your Orb Guardian closely misses the hell hog.
Your Executioner closely misses the hell hog.
Your Executioner hits the hell hog. x2
The hell hog barely misses your Executioner.
Your Orb Guardian hits the hell hog!
The hell hog dies!
Something hits the hell hog!
Something hits the hell hog but does no damage.
Something hits the hell hog.
The hell hog bites your hellwing!
Something barely misses the hell hog.
Something hits the hell hog. x2
Your Orb Guardian hits the hell hog!!!
The hell hog bites something but does no damage.
Something hits the hell hog!!
Something hits the hell hog. x2
The hell hog completely misses your Orb Guardian.
There is a stone staircase leading up here.
Something hits the hell hog!
The hell hog dies!
Your Orb Guardian hits the hell hog but does no damage.
The hell hog bites your Orb Guardian!
Your hellwing hits the hell hog!
Your hellwing barely misses the hell hog.
Your Orb Guardian hits the hell hog!!!
The hell hog dies!
You climb upwards.
There is a stone staircase leading down here.
You swap places.
There is an open door here.
There is a stone staircase leading up, spattered with blood here.
You climb upwards.
Level annotation: 2 transporters, Yliz's ghost, legendary DsBe
There is a stone staircase leading down, spattered with blood here.
You swap places.
You see here a +0 battleaxe.
Your Executioner is no longer moving quickly.
There is an open door here.
The Tzitzimitl stares, then turns away, jangling a coin purse.
A Tzitzimitl comes into view.
There is an open door here.
There is an open door here.
There is a fountain of blood here.
You see here a +0 mace.
There is a gate leading back out of this place, spattered with blood here.
You see here a +0 short sword of distortion.
(D) Dungeon (T) Temple (L) Lair (S) Swamp (P) Snake Pit (M) Slime Pits (O) Orcish Mines (E) Elven Halls (V) Vaults (C) Crypt (W) Tomb (U) Depths (H) Hell (Z) Zot
Where to? (Enter - Zot:1 @ (x,y), ? - help) You're already here!
A tormentor comes into view.
Your Orb Guardian hits the tormentor but does no damage.
Your hellwing hits the tormentor!
Your hellwing barely misses the tormentor.
Your Executioner gestures.
Your Executioner seems to speed up.
Your Executioner hits the tormentor!!
Your Executioner hits the tormentor but does no damage.
Your Executioner hits the tormentor.
Your Executioner hits the tormentor but does no damage. x2
Your Executioner barely misses the tormentor.
Your Orb Guardian hits the tormentor!!
The tormentor dies!
You go up through the gate.
Welcome back to the Depths!
There is a gate to the Realm of Zot, spattered with blood here.
Things that are here:
a +0 cloak; a +4 rapier HP restored.
There is an open door here.
You see here a +0 war axe.
A hellwing and a smoke demon come into view.
The smoke demon roars!
A hellwing comes into view.
There is an open door here.
The hellwing swoops through the air toward you!
The hellwing hits you but does no damage.
The hellwing is very cold.
The hellwing is lightly wounded.
You block the hellwing's attack.
Things that are here:
a +0 animal skin; a +0 war axe The hellwing misses you.
The hellwing barely misses you. The hellwing attacks as you move away!
The hellwing hits you.
The hellwing is very cold.
The hellwing is moderately wounded.
You block the hellwing's attack. The hellwing attacks as you move away!
The hellwing hits you but does no damage.
You block the hellwing's attack.
You closely miss the hellwing.
You kick the hellwing, but do no damage.
Your tail-slap misses the hellwing.
The hellwing is lightly wounded.
You impale the hellwing!! You freeze the hellwing.
Your kick misses the hellwing.
The hellwing is almost dead.
You block the hellwing's attack. The hellwing closely misses you.
You impale the hellwing!! You freeze the hellwing.
You kill the hellwing!
No target in view!
There is an open door here.
There is a stone staircase leading up here.
Do you want to bribe the denizens of the Depths?
You no longer have enough gold to fund merchants seeking to open stores in the dungeon.
You no longer have enough gold to bribe branches to halt enemies' attacks and recruit allies.
Gozag spreads your bribe to the Depths! The smoke demon gestures at you.
The ball of steam misses you.
You climb upwards.
Level annotation: 8 runed translucent doors
There is a stone staircase leading down here.
You see here a +1 battleaxe of freezing.
A rakshasa comes into view. It is wielding a +0 long sword.
You can't go up here!
There is a stone staircase leading up here.
You climb upwards.
There is a stone staircase leading down here.
There is an open door here.
There is a stone staircase leading up, spattered with blood here.
You climb upwards.
There is a stone staircase leading down here.
Press: ? - help, v - describe, . - travel A stone staircase leading down.
This square is covered in magical glow.
There is a staircase back to the Dungeon, spattered with blood here.
You climb upwards.
Welcome back to the Dungeon!
There is a staircase to the Depths, spattered with blood here.
Things that are here:
a +0 dire flail; a +0 dire flail A hell hound comes into view.
You can't go up here!
A hell hound comes into view.
The hell hound barks!
A hell hound comes into view.
The hell hound attacks as you move away!
The hell hound misses you. The hell hound closely misses you.
The hell hound attacks as you move away!
You block the hell hound's attack.
The hell hound bites you but does no damage.
The hell hound is frozen!
The hell hound is very cold.
The hell hound is moderately wounded.
The hell hound attacks as you move away!
You block the hell hound's attack.
There is a stone staircase leading up, spattered with blood here.
You skewer the hell hound like a kebab!!!
You freeze the hell hound!
You kill the hell hound!
The hell hound is distracted by your dazzling golden aura.
There is a stone staircase leading up, spattered with blood here.
You block the hell hound's attack.
You climb upwards.
There is a stone staircase leading down, spattered with blood here.
Things that are here:
a +0 giant club; a +0 giant club
There is an open door here.
An Ice Fiend comes into view.
The Ice Fiend roars!
Roll where?
Press: ? - help, Dir - move target, f - Ice Fiend
Aim: an Ice Fiend You roll forward with a clatter of scales!
You barely miss the Ice Fiend.
You kick the Ice Fiend, but do no damage.
You tail-slap the Ice Fiend.
The Ice Fiend is lightly wounded.
The Ice Fiend gestures at you. The bolt of cold hits you. You resist.
Casting: Statue Form (mildly dangerous; 1% risk of failure)
Confirm with . or Enter, or press ? or * to list all spells.
You feel a surge of power!
You turn into a living statue of rough stone.
The +2 pair of gloves of the Kraken {rC- Will+ Int+4 Stlth+} melds into your body.
Your +0 barding melds into your body.
Your +1 robe of willpower melds into your body.
You feel less strong-willed. The Ice Fiend gestures at you.
The bolt of cold misses you.
You hit the Ice Fiend.
You kick the Ice Fiend, but do no damage.
The Ice Fiend is lightly wounded.
The Ice Fiend misses you. You block the Ice Fiend's attack.
You hammer the Ice Fiend like a gong!!! You kick the Ice Fiend!
The Ice Fiend is heavily wounded.
The Ice Fiend misses you.
The Ice Fiend claws you but does no damage.
The Ice Fiend completely resists.
You hit the Ice Fiend. You kick the Ice Fiend.
The Ice Fiend is severely wounded.
You block the Ice Fiend's attack.
The Ice Fiend claws you but does no damage.
The Ice Fiend completely resists.
You sock the Ice Fiend! You kick the Ice Fiend.
Your tail-slap misses the Ice Fiend.
The Ice Fiend is severely wounded.
The Ice Fiend gestures at you. The bolt of cold misses you.
You sock the Ice Fiend! You tail-slap the Ice Fiend!
The Ice Fiend is almost dead.
The Ice Fiend claws you. The Ice Fiend freezes you. You resist.
The Ice Fiend completely resists.
The Ice Fiend claws you but does no damage.
The Ice Fiend completely resists.
You puncture the Ice Fiend!
You kill the Ice Fiend!
You revert to your normal fleshy form.
The +2 pair of gloves of the Kraken {rC- Will+ Int+4 Stlth+} unmelds from your body.
Your +0 barding unmelds from your body.
Your +1 robe of willpower unmelds from your body.
You feel strong-willed.
Things that are here:
a +0 robe; a +0 dagger Magic restored.
HP restored.
There is a stone staircase leading up, spattered with blood here.
You climb upwards.
There is a stone staircase leading down, spattered with blood here.
Things that are here:
a +0 robe; a +0 hand axe You see here 7 stones.
There is a stone staircase leading up here.
You climb upwards.
There is a stone staircase leading down here.
An Orb Guardian comes into view.
You can't go up here!
Casting: Statue Form (mildly dangerous; 1% risk of failure)
Confirm with . or Enter, or press ? or * to list all spells.
You don't know that spell.
Casting: Statue Form (mildly dangerous; 1% risk of failure)
Confirm with . or Enter, or press ? or * to list all spells.
You feel a surge of power!
You turn into a living statue of rough stone.
The +2 pair of gloves of the Kraken {rC- Will+ Int+4 Stlth+} melds into your body.
Your +0 barding melds into your body.
Your +1 robe of willpower melds into your body.
You feel less strong-willed.
You miss the Orb Guardian.
You kick the Orb Guardian, but do no damage.
You tail-slap the Orb Guardian, but do no damage.
The Orb Guardian hits you.
The Orb Guardian is very cold.
The Orb Guardian is lightly wounded.
The Orb Guardian hits you.
The Orb Guardian is very cold.
The Orb Guardian is lightly wounded.
You hit the Orb Guardian but do no damage.
You kick the Orb Guardian.
Your tail-slap misses the Orb Guardian.
The Orb Guardian is lightly wounded.
The Orb Guardian hits you but does no damage.
The Orb Guardian is very cold.
The Orb Guardian is moderately wounded.
You puncture the Orb Guardian! You freeze the Orb Guardian.
You kick the Orb Guardian, but do no damage.
The Orb Guardian is moderately wounded.
You block the Orb Guardian's attack. x2
You puncture the Orb Guardian! You freeze the Orb Guardian.
You kick the Orb Guardian, but do no damage.
You tail-slap the Orb Guardian!
The Orb Guardian is severely wounded.
The Orb Guardian hits you!
The Orb Guardian is very cold.
The Orb Guardian is severely wounded.
You spit the Orb Guardian like a pig!!! You freeze the Orb Guardian.
You kill the Orb Guardian!
There is a stone staircase leading up here.
You climb upwards.
There is a stone staircase leading down here.
You revert to your normal fleshy form.
The +2 pair of gloves of the Kraken {rC- Will+ Int+4 Stlth+} unmelds from your body.
Your +0 barding unmelds from your body.
Your +1 robe of willpower unmelds from your body.
You feel strong-willed.
HP restored.
A balrug comes into view.
It is wielding a +2 demon whip of flaming.
You can't go up here!
Aiming: Dig
Press: ? - help, Shift-Dir - straight line A rock wall.
This square is covered in magical glow.
You feel a surge of power!
The rock shatters into small pieces.
The balrug gestures at you.
The fireball explodes!
The fireball engulfs you! You resist.
A demonspawn blood saint comes into view.
It is wielding a +0 dagger.
The balrug gestures at you.
The bolt of fire hits the demonspawn blood saint.
The demonspawn blood saint completely resists.
The bolt of fire hits you! You resist.
The demonspawn blood saint conjures a destructive force in the name of Makhleb!
The mass of ice explodes!
The iceblast engulfs you! You partially resist.
The ghostly flame explodes!
The ghostly fireball engulfs you! You partially resist.
You feel drained.
The demonspawn blood saint calls on the powers of chaos!
The balrug is filled with an inner flame.
A demonspawn warmonger comes into view.
It is wielding a +6 demon trident of draining, wearing a +1 plate armour of cold resistance and wearing a +2 tower shield of protection.
There is a stone staircase leading up here.
You climb upwards.
There is a stone staircase leading down here.
A hellwing comes into view.
A Haopnen and a neqoxec come into view.
The hellwing gives a chilling moan. [a] - 224 gold - heal wounds and curing [b] - 125 gold - heal wounds [c] - 270 gold - resistance Purchase which effect?
You feel protected.
Haopnen gestures. 2 ball lightnings come into view.
A ball lightning comes into view.
The ball lightning explodes!
The blast of lightning engulfs the hellwing!!!
The hellwing dies!
The blast of lightning engulfs the ball lightning.
The ball lightning completely resists.
The blast of lightning engulfs you! You resist.
The blast of lightning engulfs Haopnen.
Haopnen resists.
The blast of lightning engulfs the ball lightning.
The ball lightning completely resists.
Press: ? - help, v - describe, . - travel, g - get item
Here: Haopnen, armed with a painful touch (lightly wounded) Item here: 16 gold pieces.
The floor.
Casting: Statue Form (mildly dangerous; 1% risk of failure)
Confirm with . or Enter, or press ? or * to list all spells.
Aiming: Passage of Golubria (safe; 1% risk of failure)
Press: ? - help, Dir - move target You feel a surge of power!
The Orb disrupts the stability of your passage!
The ball lightning explodes!
The blast of lightning engulfs Haopnen!
Haopnen resists.
The blast of lightning engulfs you! You resist.
The blast of lightning engulfs the ball lightning.
The ball lightning completely resists.
The ball lightning enters the passage of Golubria.
Casting: Passage of Golubria (safe; 1% risk of failure)
Confirm with . or Enter, or press ? or * to list all spells.
Aiming: Passage of Golubria (safe; 1% risk of failure)
Press: ? - help, Dir - move target, f - you
Okay, then.
Okay, then.
Okay, then.
Okay, then.
The ball lightning explodes!
The blast of lightning engulfs you! You resist. Haopnen gestures at you.
The sphere of damnation explodes!
The damnation engulfs you!! Haopnen gestures at you.
The sphere of damnation explodes!
The damnation engulfs you!!
Okay, then.
Press: ? - help, v - describe, . - travel
Here: Haopnen, armed with a painful touch (lightly wounded)
The floor.
Unknown command.
Unknown command.
Unknown command.
Unknown command.
Okay, then. [a] - 500 gold - invisibility, might, heal wounds, curing and berserk rage [b] - 420 gold - resistance and might [c] - 374 gold - invisibility, might and heal wounds Purchase which effect?
You fade into invisibility!
You feel very mighty all of a sudden.
You feel much better. Haopnen gestures at you.
You resist with almost no effort.
Unknown command. [a] - 588 gold - curing, magic, heal wounds and berserk rage [b] - 374 gold - lignification, might and resistance [c] - 540 gold - heal wounds, curing and haste Purchase which effect?
You no longer have enough gold to petition Gozag for potion effects.
You feel much better.
You feel better.
You feel yourself speed up. Haopnen gestures at you.
The sphere of damnation explodes!
The damnation engulfs you!! Haopnen gestures at you.
The sphere of damnation explodes!
The damnation engulfs you!!
There is a stone staircase leading up here.
You climb upwards.
There is a stone staircase leading down here.
There is a stone staircase leading up here.
You climb upwards.
There is a stone staircase leading down here.
You see here a +0 dagger.
There is a stone staircase leading up here.
You start resting.
Your extra speed is starting to run out.
You start to feel less resistant.
You start resting.
A Brimstone Fiend comes into view.
Unknown command.
Casting: Passage of Golubria (safe; 1% risk of failure)
Confirm with . or Enter, or press ? or * to list all spells.
Casting: Dispersal (mildly dangerous; 1% risk of failure)
Press: ? - help, Dir - look around, f - activate You feel a surge of power!
The Brimstone Fiend blinks!
You climb upwards.
There is a stone staircase leading down here.
You flicker for a moment.
You feel yourself slow down.
Your resistance to elements expires.
Aiming: Dig
Press: ? - help, Shift-Dir - straight line You can't see that place.
You feel a surge of power!
The rock shatters into small pieces.
You flicker back into view.
There is a stone staircase leading up here.
You climb upwards.
There is a stone staircase leading down here.
Magic restored.
You feel a little less mighty now.
Things that are here:
a +0 halberd; a +0 ring mail
There is a stone staircase leading up, spattered with blood here.
You start resting.
A soul eater comes into view.
You climb upwards.
There is a stone staircase leading down here.
An orange demon comes into view.
The orange demon screeches!
You can't go up here!
Roll where?
Press: ? - help, Dir - move target, f - orange demon
Aim: an orange demon You roll forward with a clatter of scales!
You stick the orange demon like a pincushion!!!
You freeze the orange demon! You kick the orange demon.
You kill the orange demon!
You climb upwards.
There is a stone staircase leading down here.
There is a stone staircase leading up here.
You climb upwards.
There is a stone staircase leading down here.
A demonspawn black sun comes into view.
It is wielding a +2 demon trident of draining.
Aiming: Dig
Press: ? - help, Shift-Dir - straight line A rock wall.
This square is covered in magical glow.
You feel a surge of power!
The rock shatters into small pieces.
An Executioner comes into view.
The Executioner gives a hideous shriek!
The Executioner gestures.
The Executioner seems to speed up.
You block the Executioner's attack. x2; The Executioner barely misses you.
You block the Executioner's attack.
The Executioner hits you but does no damage.
The Executioner resists.
The Executioner is very cold.
The Executioner is lightly wounded.
The Executioner hits you but does no damage.
The Executioner resists.
The Executioner is very cold.
The Executioner is lightly wounded.
Unknown command.
Casting: Dispersal (mildly dangerous; 1% risk of failure)
Confirm with . or Enter, or press ? or * to list all spells.
Casting: Dispersal (mildly dangerous; 1% risk of failure)
Press: ? - help, Dir - look around, f - activate You feel a surge of power!
The Executioner disappears!
Things that are here:
a +0 club; an orc skeleton
There is a stone staircase leading up here.
You climb upwards.
There is a stone staircase leading down here.
There is a stone staircase leading up here.
You climb upwards.
There is a stone staircase leading down here.
An angel comes into view. It is wielding a +2 whip of holy wrath.
Press: ? - help, v - describe, . - travel
Here: an angel, wielding a +2 whip of holy wrath and wearing a +0 robe (haloed)
The floor.
Unknown command.
Unknown command.
Unknown command.
Unknown command.
Casting: Dispersal (mildly dangerous; 1% risk of failure)
Confirm with . or Enter, or press ? or * to list all spells.
You feel a surge of power!
You turn into a living statue of rough stone.
The +2 pair of gloves of the Kraken {rC- Will+ Int+4 Stlth+} melds into your body.
Your +0 barding melds into your body.
Your +1 robe of willpower melds into your body.
You feel less strong-willed.
The angel hits you with a +2 whip of holy wrath!
The angel is very cold.
The angel is lightly wounded.
You block the angel's attack.
Okay, then.
You miss the angel. You kick the angel! You tail-slap the angel!
The angel is lightly wounded.
The angel hits you with a +2 whip of holy wrath.
The angel is very cold.
The angel is moderately wounded.
You block the angel's attack.
You miss the angel. You kick the angel, but do no damage.
You tail-slap the angel, but do no damage.
The angel is moderately wounded.
You block the angel's attack. x2; The angel hits you but does no damage.
The angel is very cold.
The angel is moderately wounded.
You block the angel's attack.
You hit the angel. You freeze the angel. You kick the angel!
You tail-slap the angel!
The angel is heavily wounded.
The angel gestures.
The angel is healed somewhat.
The angel closely misses you. The angel hits you but does no damage.
The angel is very cold.
The angel is heavily wounded.
You bludgeon the angel!! You freeze the angel! You kick the angel.
The angel is almost dead.
The angel gestures.
The angel is healed somewhat.
The angel hits you but does no damage.
The angel is very cold.
The angel is almost dead.
The angel misses you.
You skewer the angel like a kebab!!! You freeze the angel.
You kill the angel!
You revert to your normal fleshy form.
The +2 pair of gloves of the Kraken {rC- Will+ Int+4 Stlth+} unmelds from your body.
Your +0 barding unmelds from your body.
Your +1 robe of willpower unmelds from your body.
You feel strong-willed.
Magic restored.
An Orb Guardian comes into view.
You block the Orb Guardian's attack. The Orb Guardian misses you.
Aiming: Dig
Press: ? - help, Shift-Dir - straight line A rock wall.
This square is covered in magical glow.
You feel a surge of power!
The rock shatters into small pieces.
The Orb Guardian hits you but does no damage.
The Orb Guardian is very cold.
The Orb Guardian is lightly wounded.
The Orb Guardian attacks as you move away!
You block the Orb Guardian's attack. The Orb Guardian hits you!
The Orb Guardian is very cold.
The Orb Guardian is lightly wounded.
The Orb Guardian hits you!
The Orb Guardian is very cold.
The Orb Guardian is lightly wounded.
There is a staircase leading out of the dungeon here.
You can't go down here!
You block the Orb Guardian's attack.
You have escaped!

#.##.#.# #...##.#.#.##.#......
#.##.#.# #......#.#.##.#.#####
##.##.#.# #⌠.....'.#.##.#.#
#.......# #......#........#####
#..##.### #≈..##.#.............
#..#.^.####≈≈.##..#####..######
#....#....#≈≈≈...## #..#
###....####≈≈≈.X.# #..# #.#.##
#⌠≈≈@..######..# #)#.#
###.####.......# #.#.# #.#
#######.# #.#.# #.# #.# #.#.#
## #.# #.#.# #.# #.#.# #.#
#.#.# ###.## #.#.# #....#


You could see an Orb Guardian.

Vanquished Creatures
  the Royal Jelly (Slime:5)
  4 dread liches
  4 orbs of fire
  2 ancient liches (Zot:5)
  A royal mummy (Crypt:3)
  3 Killer Klowns
  Parghit (Zot:4)
  Saint Roka (Orc:2)
  2 curse toes
  Xtahua (Crypt:3)
  9 golden dragons
  Geryon (Hell)
  Jory (Crypt:1)
  A bone dragon (Depths:4)
  3 electric golems
  11 tentacled monstrosities
  Rupert (Lair:3)
  An Ice Fiend (D:14)
  A tainted leviathan (Depths:1)
  7 Orb Guardians
  3 liches
  Asterion (Elf:3)
  4 titans (Vaults:5)
  21 acid blobs
  13 sphinxes
  7 quicksilver dragons
  3 deep elf blademasters
  A walking frostbound tome (Depths:3)
  4 ancient champions
  8 death cobs
  4 tengu reavers
  15 shadow dragons
  4 thorn hunters (Swamp:4)
  12 storm dragons
  5 revenants
  3 draconian knights
  6 draconian monks
  7 deep elf sorcerers
  22 rockslimes
  7 nagarajas
  8 fire giants
  A fenstrider witch (Depths:2)
  14 azure jellies
  4 draconian scorchers
  10 frost giants
  19 vault wardens
  Aizul (Vaults:1)
  A balrug (Depths:1)
  4 deep elf elementalists (Elf:3)
  An orc warlord (Vaults:3)
  A ghost moth (Zot:4)
  An angel (D:1)
  A draconian annihilator (Zot:3)
  4 war gargoyles
  20 stone giants
  14 ghouls
  4 draconian shifters
  A spriggan defender (Depths:3)
  11 ironbound preservers
  37 very ugly things
  16 quicksilver oozes
  10 reapers
  5 bunyips
  6 green draconians
  5 ironbound thunderhulks
  8 deep elf demonologists
  A wendigo (Depths:1)
  7 vampire knights
  5 eleionomae
  8 yellow draconians
  8 black draconians
  11 deep elf annihilators
  8 red draconians
  8 white draconians
  4 lorocyprocas
  4 putrid mouths (Depths:1)
  12 dire elephants
  8 purple draconians
  An entropy weaver (Vaults:3)
  Snorg (D:14)
  A blizzard demon (Depths:1)
  An iron golem (Depths:1)
  8 deep elf death magi
  2 eidola
  2 crystal guardians
  13 ettins
  5 jiangshi
  8 fire dragons
  3 mummy priests (Crypt:3)
  Josephine (D:10)
  16 yaktaur captains
  13 great orbs of eyes
  22 hydras
  6 deep elf high priests
  7 rakshasas
  15 ice dragons
  3 peacekeepers
  3 salamander tyrants (Snake:4)
  A shambling mangrove (Swamp:2)
  5 spriggan air magi
  3 boulder beetles
  2 fenstrider witch zombies
  A hell beast (Depths:1)
  A caustic shrike simulacrum (Crypt:2)
  The ghost of CertainDeath the Grappler, a novice TrTm of Gozag (D:10)
  2 ghost crabs (Swamp:3)
  The ghost of greasedhog the Geomancer, a journeyman GrEE of Vehumet (D:10)
  6 death knights
  29 vault guards
  4 ogre magi
  A fenstrider witch skeleton (Crypt:3)
  18 two-headed ogres
  10 centaur warriors
  5 anacondas
  6 ironbound frosthearts
  5 alligators
  An Orb Guardian skeleton (Crypt:3)
  29 dancing weapons
  14 hell hogs
  12 naga warriors
  A satyr (shapeshifter) (Depths:1)
  13 deep troll earth magi
  5 spriggan berserkers
  4 tengu warriors
  6 naga sharpshooters
  5 deep troll shamans
  7 death yaks
  10 vampire magi
  Urug (D:11)
  9 orc high priests
  5 shock serpents
  18 deep elf knights
  3 hell knights
  10 soul eaters
  4 sun demons
  A shadow wraith (Crypt:2)
  6 goliath frogs
  23 skeletal warriors
  A titan skeleton (Crypt:3)
  2 spectral death yaks (Lair:5)
  7 iron trolls
  4 salamander mystics
  4 glowing orange brains
  2 spriggan druids
  A spectral anaconda (Lair:5)
  20 bog bodies
  A sea snake (Lair:2)
  37 deep trolls
  10 swamp dragons
  8 naga ritualists
  6 flayed ghosts
  An anaconda zombie (Crypt:2)
  An obsidian statue (Zot:5)
  10 wizards
  13 lindwurms
  2 tengu zombies
  18 necromancers
  A bunyip skeleton (Crypt:2)
  14 deep elf archers
  A sphinx zombie (Vaults:2)
  5 spriggan simulacra (IceCv)
  A broodmother zombie (Crypt:2)
  4 harpies (Vaults:3)
  12 phantasmal warriors
  25 ironbound convokers
  7 mana vipers
  27 deep elf pyromancers
  A shadow dragon skeleton (Crypt:1)
  16 orc knights
  A salamander (shapeshifter) (Vaults:5)
  6 orc sorcerers
  2 stone giant zombies
  4 shining eyes
  An oklob plant (Snake:4)
  27 deep elf zephyrmancers
  2 human zombies
  2 wolf spiders (shapeshifter) (Vaults:5)
  A sphinx skeleton (Crypt:1)
  A wolf spider (D:13)
  43 ugly things
  19 moths of wrath
  5 cyclopes
  22 salamanders
  10 will-o-the-wisps
  A rust devil (Depths:1)
  13 elephants
  A dire elephant zombie (Lair:5)
  2 stone giant skeletons
  15 naga magi
  Joseph (D:8)
  A moth of wrath (shapeshifter) (Depths:4)
  8 guardian serpents
  3 elf zombies
  A manticore (Lair:3)
  38 black mambas
  An ice statue (Lair:4)
  A smoke demon (Depths:4)
  An alligator snapping turtle zombie (Crypt:1)
  3 eyes of devastation
  3 dire elephant skeletons
  6 gargoyles (D:10)
  A cane toad (shapeshifter) (D:14)
  A naga skeleton (Crypt:2)
  2 orange demons
  15 vault sentinels
  A hellion (Depths:1)
  2 torpor snails
  A death yak zombie (Crypt:3)
  2 unseen horrors (D:11)
  9 rime drakes
  16 cane toads
  A catoblepas zombie (Crypt:1)
  2 efreet (D:14)
  12 komodo dragons
  An unseen horror skeleton (Crypt:1)
  A demonic crawler (Hell)
  An unseen horror (shapeshifter) (D:13)
  42 yaktaurs
  2 kobold demonologists
  3 tengu conjurers
  An anaconda simulacrum (Hell)
  A tormentor (Depths:2)
  6 ice devils
  2 bunyip simulacra
  22 freezing wraiths
  A hellwing (Depths:4)
  5 trolls
  A harpy zombie (Crypt:2)
  27 guardian mummies (Crypt:3)
  A bloated husk (Swamp:2)
  A red devil (Depths:1)
  A golden dragon simulacrum (IceCv)
  2 human skeletons (Vaults:3)
  14 hornets
  8 tyrant leeches
  2 harpy skeletons (Crypt:2)
  3 meliai
  21 blink frogs
  6 dream sheep (Lair:5)
  Grinder (D:3)
  47 slime creatures
  3 spectral elephants (Lair:5)
  5 polar bears
  A great orb of eyes zombie (Crypt:2)
  A stone giant simulacrum (Crypt:1)
  2 ettin zombies
  14 flying skulls (Crypt:1)
  An air elemental (Elf:1)
  8 wyverns
  3 vampires
  10 spriggans
  An ettin skeleton (Vaults:3)
  14 wraiths
  11 ushabtiu (Crypt:3)
  56 yaks
  7 basilisks
  2 steam dragons
  6 water elementals
  A fire elemental (Elf:2)
  A wind drake zombie (Crypt:3)
  2 fire bats (Depths:2)
  5 golden eyes (Slime:5)
  A redback (shapeshifter) (Vaults:5)
  An alligator snapping turtle simulacrum (Hell)
  2 death yak simulacra (Lair:5)
  4 minotaur simulacra (IceCv)
  9 vampire mosquitoes
  A harpy simulacrum (IceCv)
  31 nagas
  A water nymph zombie (Crypt:3)
  16 swamp worms
  A hydra simulacrum (IceCv)
  2 wargs (Orc:1)
  A spectral cane toad (Lair:5)
  2 acid dragons
  13 water moccasins
  A floating eye (shapeshifter) (Vaults:5)
  A hell hound (D:15)
  3 large abominations (Elf:1)
  4 floating eyes
  A black bear (shapeshifter) (Depths:3)
  3 swamp drakes (Swamp:4)
  12 ice beasts
  39 orc warriors
  A sky beast (D:11)
  2 alligator simulacra (IceCv)
  An ettin simulacrum (Hell)
  A boggart (Vaults:2)
  An elephant zombie (Crypt:3)
  An elf simulacrum (Vaults:2)
  A hog zombie (Crypt:3)
  3 wolves
  A manticore skeleton (Crypt:3)
  15 ogres
  7 centaurs
  2 draconian zombies
  2 elephant skeletons (Lair:5)
  18 kobold brigands
  3 scorpions
  11 bullfrogs
  2 gnoll sergeants
  A deep troll simulacrum (IceCv)
  6 necrophages
  A troll zombie (Crypt:2)
  5 wights
  A lindwurm simulacrum (IceCv)
  A human simulacrum (Vaults:2)
  6 elephant simulacra (Lair:5)
  6 killer bees (D:9)
  A spriggan skeleton (Crypt:2)
  8 howler monkeys
  12 electric eels
  A lava snake (Vaults:1)
  2 centaur zombies (Crypt:1)
  4 hounds
  14 jellies
  29 orc priests
  9 iguanas
  21 orc wizards
  20 hell rats
  2 centaur simulacra (D:10)
  8 mummies (Crypt:3)
  Robin (D:2)
  A howler monkey skeleton (Crypt:1)
  10 gnolls
  5 adders
  A shadow imp (D:7)
  7 white imps
  A howler monkey simulacrum (D:10)
  An ufetubus (D:10)
  A lava snake skeleton (Crypt:2)
  A worm (D:2)
  3 dart slugs
  78 orcs
  A bat skeleton (Crypt:2)
  7 endoplasms
  A giant cockroach (D:4)
  17 goblins
  13 hobgoblins
  7 jackals
  4 quokkas
  6 ball pythons
  7 bats
  4 frilled lizards
  A frilled lizard skeleton (Crypt:1)
  A goblin zombie (Crypt:1)
  35 kobolds
  2 rats
2460 creatures vanquished.

Vanquished Creatures (collateral kills)
  A Killer Klown (Zot:5)
  A golden dragon (Zot:5)
  7 Orb Guardians (Zot:5)
  An Ice Fiend (IceCv)
  A draconian knight (Zot:5)
  A draconian annihilator (Zot:5)
  A draconian shifter (Zot:5)
  A quicksilver ooze (Slime:5)
  A black draconian (Zot:5)
  A green draconian (Zot:5)
  A two-headed ogre (D:6)
  3 hell hogs (Zot:3)
  2 moths of wrath (Zot:5)
  A tormentor (Zot:1)
  A ynoxinul (Zot:5)
  5 hell hounds (Zot:5)
29 creatures vanquished.

Vanquished Creatures (others)
  An orb of fire (Zot:5)
  Margery (Vaults:3)
  2 Killer Klowns (Zot:5)
  8 Orb Guardians (Zot:5)
  A draconian shifter (Zot:5)
  A ghost moth (Zot:5)
  3 draconian annihilators (Zot:5)
  A deep elf demonologist (Elf:3)
  3 green draconians (Zot:5)
  2 yellow draconians (Zot:5)
  A red draconian (Zot:5)
  A deep elf zephyrmancer (Elf:3)
  A hellwing (D:10)
  A bloated husk (Swamp:2)
  7 hell rats
  3 ball lightnings (D:10)
  A creeping inferno (Hell)
  A fire vortex (Hell)
  20 foxfires
  44 fungi
  144 plants
  38 withered plants
285 creatures vanquished.

Grand Total: 2774 creatures vanquished

Notes
Turn   | Place    | Note
-------+----------+-------------------------------------------
     0 | D:5      | sleeves the Palentonga Delver began the quest for the Orb.
     0 | D:5      | Reached XP level 1. HP: 19/19 MP: 1/1
    72 | D:4      | Noticed a hound
   108 | D:4      | CougarLife: these things r weird
   110 | D:5      | sleeves: yeah cant say i like em
   110 | D:5      | CougarLife: why the fuck are you in d5
   110 | D:5      | sleeves: delver
   128 | D:5      | CougarLife: you are gonna die instantly
   130 | D:5      | sleeves: you start on d5 as a delver
   139 | D:5      | CougarLife: you are gonna die instantly
   142 | D:5      | CougarLife: 19 hp on d5
   153 | D:5      | CougarLife: this is literally cock and ball torture
   166 | D:4      | sleeves: yeah trying to get back up
   166 | D:4      | sleeves: XD
   173 | D:4      | CougarLife: ooo rings
   204 | D:3      | Noticed a scorpion
   461 | D:1      | Reached XP level 2. HP: 25/25 MP: 2/2
   519 | D:1      | Reached skill level 3 in Maces & Flails
   644 | D:1      | Found a faded altar of an unknown god.
   682 | D:1      | HP: 11/25 [quokka (3)]
  1071 | D:1      | Reached XP level 3. HP: 30/31 MP: 3/3
  1329 | D:2      | CougarLife: hey you made it
  1408 | D:2      | sleeves: idk why
  1408 | D:2      | sleeves: when i play delver
  1408 | D:2      | sleeves: things go well.
  1408 | D:2      | sleeves: ..
  1408 | D:2      | sleeves: try to play normal thing
  1408 | D:2      | sleeves: and its like GRINDER
  1437 | D:2      | CougarLife: youre on d2 i wouldnt say its going well yet
                  | lol
  1442 | D:2      | sleeves: well the fact i got up
  1442 | D:2      | sleeves: is good enough for me
  1533 | D:2      | CougarLife: you havent made it back to d5 yet
  1564 | D:2      | CougarLife: you might still die to grinder on d3 lol
  1933 | D:2      | Reached skill level 4 in Maces & Flails
  1933 | D:2      | sleeves: these apt are so bad
  2042 | D:2      | Identified the amulet "Wuclaecs" {Spirit Fragile rPois
                  | Str-4 Stlth+}
  2073 | D:2      | Reached XP level 4. HP: 37/37 MP: 4/4
  2151 | D:2      | Noticed Robin
  2172 | D:2      | sleeves: lol im dub
  2172 | D:2      | sleeves: i misclicked
  2172 | D:2      | CougarLife: yeah a little
  2172 | D:2      | sleeves: and now im here
  2172 | D:2      | CougarLife: you might be able to fix it
  2172 | D:2      | CougarLife: if you roll into him
  2176 | D:2      | HP: 16/37 [goblin/sling bullet[Robin] (4)]
  2192 | D:2      | CougarLife: or that works
  2201 | D:2      | CougarLife: just have a wand of digging already
  2206 | D:2      | HP: 17/37 [goblin/+0 club[Robin] (2)]
  2365 | D:2      | sleeves: its from the delver background
  2404 | D:2      | Killed Robin
  2426 | D:2      | CougarLife: yeah uhhuh sure yeah mmhmm
  2712 | D:3      | HP: 17/37 [orc priest/divine providence (10)]
  2954 | D:3      | CougarLife: lucky u didnt get smited again
  2958 | D:3      | sleeves: yeah xd
  3208 | D:3      | sleeves: this is a cursed d3
  3332 | D:4      | Reached skill level 5 in Maces & Flails
  3366 | D:4      | Found Vimeadda's Weapon Shoppe.
  3409 | D:4      | Reached XP level 5. HP: 43/43 MP: 5/5
  3541 | D:4      | Reached skill level 6 in Maces & Flails
  3630 | D:4      | Reached XP level 6. HP: 48/50 MP: 6/6
  3668 | D:4      | CougarLife: this character is cursed
  3706 | D:4      | CougarLife: palentonga is just cursed
  3737 | D:4      | HP: 23/50 [scorpion (3)]
  3742 | D:4      | HP: 15/50 [poisoned by a scorpion]
  3978 | D:4      | CougarLife: rolled the dice too much on that one
  3981 | D:4      | CougarLife: or just get saved by a trap
  3998 | D:4      | CougarLife: you really like to gamble
  4006 | D:4      | sleeves: i do lol
  4109 | D:4      | Identified the +1 flail of Qeawuosot {vorpal, *Rage rN+
                  | Will++ SInv}
  4256 | D:4      | CougarLife: i can only hope you dont play path of exile
  4258 | D:3      | sleeves: i tried it but never got serious
  4278 | D:3      | CougarLife: good
  4284 | D:3      | Reached skill level 7 in Maces & Flails
  4284 | D:3      | CougarLife: if you ever got into crafting you would be like
                  | a crackhead
  4539 | D:3      | Noticed Grinder
  4552 | D:3      | Killed Grinder
  4553 | D:3      | Reached skill level 8 in Maces & Flails
  4553 | D:3      | CougarLife: games not good after what they did to it last
                  | big patch anyway
  4553 | D:3      | Gained mutation: You curl defensively after being hit. (AC
                  | +7*) [Palentonga growth]
  4553 | D:3      | Reached XP level 7. HP: 55/55 MP: 7/7
  4553 | D:3      | sleeves: ah yes
  4553 | D:3      | sleeves: thanks game
  4553 | D:3      | CougarLife: why are you raging so much
  4553 | D:3      | sleeves: d3 grinder was actualy there
  4553 | D:3      | sleeves: its random rage weapon
  4553 | D:3      | CougarLife: did you get a mut
  4553 | D:3      | CougarLife: I TOLD YOU LOL
  4691 | D:3      | CougarLife: I TOLD YOU HE WAS THERE LOL
  4713 | D:3      | CougarLife: i can smell that motherfucker from a mile away
  4748 | D:3      | CougarLife: did you kill him
  4950 | D:4      | CougarLife: i always pop might pot and just blast his ass
  4960 | D:4      | CougarLife: same with sigmund
  5105 | D:5      | sleeves: xd
  5105 | D:5      | sleeves: o no
  5251 | D:4      | CougarLife: what did you run into
  5253 | D:5      | sleeves: just orcs one has an elec axe
  5324 | D:5      | Found a staircase to the Ecumenical Temple.
  5413 | D:5      | Reached skill level 9 in Maces & Flails
  5435 | D:5      | sleeves: im having a great time
  5454 | Temple   | Entered the Ecumenical Temple
  5713 | Temple   | CougarLife: are you sure youre having a great time
  5713 | Temple   | sleeves: idek anymore
  5713 | Temple   | sleeves: dunno what to do here
  5713 | Temple   | sleeves: i kinda just wanna go gozag cuz greed is god
  5713 | Temple   | sleeves: but i probably need a stronger god
  5723 | Temple   | CougarLife: depends
  5723 | Temple   | CougarLife: how far are you wanting to go
  5723 | Temple   | sleeves: just 3
  5723 | Temple   | CougarLife: why wouldnt gozag be enough for 3
  5723 | Temple   | sleeves: i feel like i need something stronger earlier
  5723 | Temple   | CougarLife: mmm
  5723 | Temple   | CougarLife: could go oka
  5723 | Temple   | CougarLife: if you think u could get the piety for +5
  5723 | Temple   | sleeves: id rather not
  5723 | Temple   | sleeves: too much oka lately
  5723 | Temple   | CougarLife: :p
  5723 | Temple   | sleeves: its either chei, ru, or aash
  5723 | Temple   | sleeves: or mak
  5723 | Temple   | sleeves: i guess
  5723 | Temple   | CougarLife: wujian or bust
  5723 | Temple   | sleeves: Ive never won with em
  5723 | Temple   | CougarLife: do u think your roll could work in conjunction
                  | with lunge?
  5723 | Temple   | sleeves: but i dont think they give you anything
  5723 | Temple   | CougarLife: they do
  5723 | Temple   | CougarLife: they give you a lunge
  5723 | Temple   | sleeves: XD
  5723 | Temple   | CougarLife: and other attack based stuff
  5723 | Temple   | sleeves: yeah not a fan
  5723 | Temple   | CougarLife: i tried it on a troll yesterday cuz theres a
                  | loose guide for it on the wiki
  5723 | Temple   | CougarLife: but i tried it on trunk rather than .29 like i
                  | should have
  5723 | Temple   | sleeves: yeah i think it would work well with big damage
                  | dealers
  5723 | Temple   | CougarLife: yeah claws r nuts
  5723 | Temple   | sleeves: this race just seems really squishy
  5723 | Temple   | CougarLife: well troll claws anyway
  5723 | Temple   | sleeves: and doesnt do damage
  5723 | Temple   | Became a worshipper of Gozag Ym Sagoz the Greedy
  5724 | Temple   | sleeves: yolo
  5877 | D:5      | Found a bloodstained altar of Trog.
  6059 | D:6      | CougarLife: should have gone oka
  6070 | D:6      | Noticed a two-headed ogre
  6072 | D:6      | CougarLife: oka is life
  6244 | D:6      | Found an ancient bone altar of Kikubaaqudgha.
  6284 | D:6      | Reached XP level 8. HP: 62/62 MP: 8/8
  6321 | D:6      | sleeves: yeah okay
  6335 | D:6      | sleeves: wtf kinda summon scroll
  6339 | D:6      | Killed a two-headed ogre
  6340 | D:6      | Reached skill level 11 in Maces & Flails
  6689 | D:6      | CougarLife: easy
  6689 | D:6      | sleeves: why was there a double headed ogre d6
  6819 | D:6      | Reached skill level 1 in Armour
  7568 | D:7      | Reached XP level 9. HP: 66/67 MP: 9/9
  7703 | D:7      | Reached skill level 2 in Armour
  8348 | D:8      | Identified the +10 quarterstaff "Orb Guardian's Regret"
                  | {speed, rElec rN+ rCorr}
  8389 | D:8      | CougarLife: wtf is that staff
  8424 | D:8      | sleeves: idk but i am now happy
  8424 | D:8      | CougarLife: show that again
  8424 | D:8      | CougarLife: BRO
  8424 | D:8      | CougarLife: HUUHHHH
  8425 | D:8      | CougarLife: YOURE ON D8
  8426 | D:8      | CougarLife: AND YOU HAVE 2 RANDARTS
  8428 | D:8      | CougarLife: AND ONE IS THIS GOOD?
  8432 | D:8      | Reached skill level 12 in Maces & Flails
  8432 | D:8      | Reached skill level 3 in Armour
  8432 | D:8      | CougarLife: FUCK THIS GAME
  8687 | D:8      | sleeves: XD
  8797 | D:8      | CougarLife: that staff is insane
  8904 | D:8      | Noticed Joseph
  9246 | D:8      | Reached skill level 4 in Armour
  9262 | D:8      | sleeves: idk about insane
  9262 | D:8      | sleeves: its definitely good
  9262 | D:8      | sleeves: for now
  9270 | D:8      | Noticed a centaur warrior
  9277 | D:8      | sleeves: d8 red centaur
  9277 | D:8      | sleeves: many things that shouldnt be here
  9277 | D:8      | CougarLife: insane for this early
  9540 | D:9      | Reached skill level 5 in Armour
  9561 | D:9      | Reached XP level 10. HP: 67/74 MP: 8/10
  9564 | D:9      | Reached skill level 13 in Maces & Flails
  9936 | D:9      | sleeves: im just so squishy
  9952 | D:9      | Reached skill level 6 in Armour
  9962 | D:9      | HP: 37/74 [iguana (4)]
  9969 | D:8      | HP: 21/74 [orc priest/divine providence (9)]
  9976 | D:8      | CougarLife: that iguana just ate your ass
  9978 | D:8      | HP: 14/74 [centaur warrior (8)]
  9979 | D:8      | sleeves: HUH
  9979 | D:8      | CougarLife: LOL
  9980 | D:8      | CougarLife: you shouldnt have fucked with the iguana
  9980 | D:8      | CougarLife: those things can do damage to non squishy melee
  9981 | D:8      | CougarLife: pop a blink its better than dying
  9981 | D:8      | sleeves: i dont think i can run from this guy tho
  9981 | D:8      | sleeves: so id have to go down
  9981 | D:8      | CougarLife: still need a blink for that
 10271 | D:9      | CougarLife: tp scroll works too
 10499 | D:9      | Found a staircase to the Lair.
 10527 | D:9      | CougarLife: u should be scared rn
 10527 | D:9      | CougarLife: komodo is like a juiced up iguana
 10527 | D:9      | sleeves: yeah idk how this guy just appeared tho
 10527 | D:9      | CougarLife: might as well be red for you
 10527 | D:9      | sleeves: before i could see him
 10527 | D:9      | CougarLife: he was outside of the lair entrance
 10527 | D:9      | sleeves: yeah but i didnt see him till he hit me
 10527 | D:9      | sleeves: as i changed hat
 10527 | D:9      | CougarLife: i saw him
 10527 | D:9      | sleeves: i mean
 10527 | D:9      | sleeves: i dont really have a choice lol
 10527 | D:9      | CougarLife: u could tp again lol
 10527 | D:9      | sleeves: either tp or figh
 10527 | D:9      | HP: 35/74 [komodo dragon (22)]
 10792 | D:9      | CougarLife: those things can hurt even with ac in the 20s
 10792 | D:9      | sleeves: yeah im not feeling to good about lair
 10838 | D:10     | Entered Level 10 of the Dungeon
 10868 | D:10     | CougarLife: wow you blasted those yaks
 10910 | D:10     | CougarLife: you are so unlucky with the eels lol
 10989 | D:10     | Found a hide-covered altar of Uskayaw.
 10989 | D:10     | Found a stormy altar of Qazlal.
 10991 | D:10     | Found a white marble altar of Elyvilon.
 11002 | D:10     | sleeves: this character is just bad at everything
 11068 | D:10     | Reached skill level 14 in Maces & Flails
 11086 | D:10     | Reached skill level 7 in Armour
 11142 | D:10     | Identified a scroll of acquirement
 11143 | D:10     | sleeves: lets go
 11143 | D:10     | sleeves: yeah
 11143 | D:10     | sleeves: clearly i need that
 11143 | D:10     | CougarLife: whatd you get
 11143 | D:10     | CougarLife: oh holy shit
 11143 | D:10     | sleeves: would be pretty pog
 11143 | D:10     | sleeves: if i wasnt this dog shit
 11143 | D:10     | CougarLife: also if you had a rapier or somethin
 11143 | D:10     | sleeves: yeah not worth
 11143 | D:10     | sleeves: ima get money
 11143 | D:10     | CougarLife: yeah thats what i was thinkin
 11143 | D:10     | Acquired 1031 gold pieces
 11145 | D:10     | sleeves: actually kinda okay since im gozag
 11145 | D:10     | CougarLife: money always good with gozag
 11147 | D:10     | CougarLife: yep
 11189 | D:10     | Found a runed translucent gate.
 11189 | D:10     | Found a runed translucent gate.
 11189 | D:10     | Found a runed translucent gate.
 11190 | D:10     | Noticed CertainDeath's ghost (novice TrTm)
 11191 | D:10     | Noticed greasedhog's ghost (journeyman GrEE)
 11374 | D:10     | Found a flagged portal.
 11380 | D:10     | Identified the +11 hand axe of Breach {elec, Stlth+}
 11382 | D:10     | sleeves: :)
 11383 | D:10     | sleeves: this is better
 11384 | D:10     | CougarLife: what the fuck is your luck man
 11384 | D:10     | sleeves: no cliue
 11384 | D:10     | sleeves: play delver
 11384 | D:10     | sleeves: this is what happend
 11386 | Bailey   | Entered a bailey
 11625 | Bailey   | Reached XP level 11. HP: 74/80 MP: 11/11
 11851 | Bailey   | CougarLife: what lvl is your axes
 11863 | Bailey   | CougarLife: oh not bad
 11863 | Bailey   | sleeves: cross train is nice yea
 11974 | D:10     | Noticed Josephine
 12012 | D:10     | sleeves: ug
 12012 | D:10     | sleeves: didnt know shes a necromancer now
 12012 | D:10     | sleeves: i mean
 12012 | D:10     | sleeves: doesnt have elec
 12039 | D:10     | Killed Josephine
 12384 | D:10     | Reached skill level 8 in Armour
 12534 | D:10     | HP: 32/80 [electric eel/bolt of electricity (13)]
 12795 | D:10     | HP: 39/80 [gargoyle/+0 dire flail (9)]
 12800 | D:10     | HP: 20/80 [gargoyle/stone arrow (10)]
 12801 | D:10     | CougarLife: u knoow how we talked about lizards earlier
 12801 | D:10     | CougarLife: these are scarier than both
 13208 | D:10     | CougarLife: quit fucking with the eels LOL
 13974 | D:10     | Reached skill level 15 in Maces & Flails
 13974 | D:10     | Reached skill level 2 in Dodging
 14068 | D:10     | sleeves: i showed em
 14080 | D:10     | Found a broken altar of Ashenzari.
 14095 | D:10     | Found a glowing golden altar of the Shining One.
 14108 | D:10     | CougarLife: sure did
 14457 | D:11     | Noticed Lodul
 14669 | D:11     | Reached skill level 4 in Fighting
 14827 | D:11     | Reached skill level 3 in Dodging
 15069 | D:11     | Noticed Sonja
 15070 | D:11     | Noticed Sonja
 15070 | D:11     | Sonja changed into Sonja the unseen horror
 15075 | D:11     | Killed Sonja the unseen horror
 15425 | D:11     | Reached skill level 5 in Fighting
 15470 | D:11     | Found a portal to a secret trove of treasure.
 15504 | D:11     | Noticed a two-headed ogre
 15907 | Lair:1   | Entered Level 1 of the Lair of Beasts
 16100 | Lair:1   | Reached skill level 4 in Dodging
 16280 | Lair:1   | Noticed a five-headed hydra
 16386 | Lair:1   | Reached skill level 6 in Fighting
 16461 | Lair:1   | Noticed a four-headed hydra
 16906 | Lair:1   | Reached XP level 12. HP: 79/95 MP: 9/12
 17008 | Lair:1   | Reached skill level 5 in Dodging
 17802 | Lair:2   | Found a staircase to the Snake Pit.
 17882 | Lair:2   | Reached skill level 7 in Fighting
 18131 | Lair:2   | Reached skill level 6 in Dodging
 18320 | Lair:2   | Noticed an eight-headed hydra
 18337 | Lair:2   | CougarLife: oh youre fucked
 18337 | Lair:2   | sleeves: yeah i thought he would get shafted
 18337 | Lair:2   | CougarLife: fr this time
 18343 | Lair:2   | CougarLife: shafted by what
 18351 | Lair:2   | sleeves: those holes
 18351 | Lair:2   | CougarLife: oh you mean
 18351 | Lair:2   | CougarLife: literally shafted
 18351 | Lair:2   | CougarLife: lmao
 18369 | Lair:1   | sleeves: welp lair is no longer safe for me
 18369 | Lair:1   | CougarLife: sure isnt
 18442 | D:10     | CougarLife: what kinda range weps have you seen so far
 18458 | D:10     | CougarLife: any decent slings or anything
 18458 | D:10     | sleeves: well the problem is this guys apt
 18458 | D:10     | CougarLife: yeah i mean
 18458 | D:10     | CougarLife: its not ideal
 18458 | D:10     | CougarLife: but it could be worse
 18458 | D:10     | sleeves: i was kinda hoping i would find some necro/earth
                  | magic
 18458 | D:10     | CougarLife: trolls have -2 in a lotta shit too
 18675 | D:12     | sleeves: yeah but trolls at least do lots of damage
 18675 | D:12     | sleeves: are large
 18675 | D:12     | sleeves: have regen
 18675 | D:12     | sleeves: this guys just bad at literally everything
 18675 | D:12     | sleeves: its like a melee mummy almost
 18675 | D:12     | sleeves: not as bad but almost
 18819 | D:12     | Found a staircase to the Orcish Mines.
 18838 | D:12     | Reached skill level 8 in Fighting
 19243 | D:12     | sleeves: i shoulda gone oka lol
 19494 | D:12     | Found Odgheigo's Magic Scroll Shop.
 19500 | D:12     | Bought a scroll of blinking for 120 gold pieces
 19500 | D:12     | Bought a scroll of teleportation for 48 gold pieces
 19500 | D:12     | Bought a scroll of teleportation for 48 gold pieces
 19500 | D:12     | Bought a scroll of enchant armour for 120 gold pieces
 19543 | D:12     | Found an ancient bone altar of Kikubaaqudgha.
 19578 | D:11     | CougarLife: man
 19578 | D:11     | sleeves: oh u gotta be kidding
 19578 | D:11     | CougarLife: i fuckin told you to
 19578 | D:11     | CougarLife: "too much oka"
 19578 | D:11     | sleeves: i dont get how they just are all camping the
                  | stairs
 19578 | D:11     | CougarLife: u literally just enjoy pain my man
 19578 | D:11     | sleeves: i never went up these
 19578 | D:11     | CougarLife: this is what you wanted
 19854 | D:11     | Noticed Urug
 19961 | D:11     | sleeves: true
 19961 | D:11     | sleeves: these are the most memorable games tho
 19961 | D:11     | sleeves: where everything goes wrong
 20082 | D:12     | sleeves: the fact that they couldnt just give this race -1
                  | in throwing
 20082 | D:12     | sleeves: they had to give them 03
 20082 | D:12     | sleeves: -3
 20207 | D:12     | CougarLife: its time for you to get over your crutch
 20223 | D:12     | CougarLife: your crutch of throwing
 20227 | D:12     | Reached skill level 7 in Dodging
 20259 | D:12     | CougarLife: that you have now passed on to me
 20259 | D:12     | sleeves: lol
 20260 | D:12     | CougarLife: i wish i didnt know the damage it could do
 20265 | D:12     | sleeves: notice im still throwing darts tho
 20265 | D:12     | sleeves: XD
 20282 | D:12     | CougarLife: yeah but poison darts dont do damage from the
                  | throw its from the poison
 20282 | D:12     | CougarLife: and i know
 20321 | D:12     | CougarLife: like i said
 20322 | D:12     | CougarLife: crutch
 20367 | D:12     | CougarLife: its actually just so strong for such little
                  | investment its crazy
 20367 | D:12     | sleeves: throw life
 20670 | Orc:1    | Entered Level 1 of the Orcish Mines
 20688 | D:13     | Noticed a two-headed ogre
 20741 | D:13     | Reached skill level 9 in Fighting
 20783 | D:12     | sleeves: yeah it appears i am no longer welcome anywhere
 20892 | D:9      | sleeves: this is the stupidest item who would wear this
 20894 | D:9      | Bought the ring "Hutuohes" {rF+ rC+++ rN+ Str+2 Stlth-} for
                  | 1036 gold pieces
 21114 | D:11     | sleeves: ??lignification
 21114 | D:11     | beem: potion of lignification[1/2]: Causes temporary
                  | uncancellable (but cancellationable!) {tree form}.
 21114 | D:11     | sleeves: ??lignification[2]
 21114 | D:11     | beem: tree form[1/3]: Immobile form with -Tele, +50% HP, 20
                  | + XL/2 AC, minimal EV, rN+++, rPois, torment immunity, and
                  | gives +12 base UC damage. Unlike statue form, tree form
                  | does NOT give rot or poison immunity.
 21114 | D:11     | CougarLife: what item was stupid
 21114 | D:11     | sleeves: ??tree form[2]
 21114 | D:11     | beem: tree form[2/3]: !lg tlatlagkaus xl=27 oghu 1 -tv
 21114 | D:11     | sleeves: ??tree form[3]
 21114 | D:11     | beem: tree form[3/3]: !lg cerealjynx xl=27 mimo 3 -tv
 21114 | D:11     | sleeves: why doesnt tree form give relec
 21114 | D:11     | sleeves: robe of the folly
 21114 | D:11     | sleeves: was the dumb item
 21114 | D:11     | CougarLife: unrandart?
 21114 | D:11     | sleeves: yeah
 21114 | D:11     | sleeves: ??robe of the folly
 21114 | D:11     | beem: I don't have a page labeled robe_of_the_folly in my
                  | learndb.
 21115 | D:11     | Noticed Lodul
 21115 | D:11     | Lodul changed into Lodul the swamp dragon
 21120 | D:11     | Killed Lodul the swamp dragon
 21142 | D:11     | CougarLife: -∞ Will LOL
 21142 | D:11     | sleeves: polymorph op
 21475 | D:11     | CougarLife: you lose all willpower wearing that fuckin
                  | thing thts wild
 21653 | Lair:2   | CougarLife: im actually super excited to do the felid run
                  | tomorrow
 21655 | Lair:2   | CougarLife: or start learning felid
 21655 | Lair:2   | sleeves: its really hard thats for sure
 21658 | Lair:2   | CougarLife: ive always thought summoner was cool, malign
                  | gateway is such a sick spell
 21765 | Lair:2   | sleeves: its possible to turn a corner and insta die on
                  | felid
 21765 | Lair:2   | CougarLife: just dont lol
 21772 | Lair:2   | CougarLife: apparently they have multiple lives
 21785 | Lair:2   | CougarLife: which is more than i thought they had
 21787 | Lair:2   | sleeves: yeah you lose xp when u die tho so it kinda sucks
 21811 | Lair:2   | CougarLife: better than run ending tho
 22049 | Lair:2   | CougarLife: better than getting run down by a hydra as a
                  | palentonga and having your run ended thats for sure lmao
 22054 | Lair:2   | sleeves: yeah idk felid might be better than palentonga
 22075 | Lair:2   | CougarLife: depends on how you use it
 22098 | Lair:2   | CougarLife: felids are fast
 22333 | Lair:3   | Reached skill level 8 in Dodging
 22407 | Lair:3   | Found a staircase to the Swamp.
 22433 | Lair:3   | sleeves: ah yes of course i get swamp
 22459 | Lair:3   | Noticed a death yak
 22482 | Lair:3   | sleeves: honestly just wanna ctrl q
 22520 | Lair:3   | HP: 51/103 [poisoned by a black mamba]
 22714 | Lair:3   | CougarLife: this is what you get for not going oka
 22771 | Lair:3   | Reached XP level 13. HP: 92/110 MP: 10/13
 22802 | Lair:3   | Reached skill level 10 in Fighting
 23363 | Lair:3   | Noticed Rupert
 23372 | Lair:3   | CougarLife: imagine if you had 20 axes
 23372 | Lair:3   | CougarLife: you would be slaying these mfs
 23382 | Lair:3   | CougarLife: oh wait youre still training maces
 23382 | Lair:3   | sleeves: idk rupert would rape me
 23385 | Lair:3   | sleeves: yeah id rather have a mace late game
 23385 | Lair:3   | CougarLife: yeah rupert does that to anything that moves
 23459 | Lair:3   | CougarLife: also is rupert here
 23478 | Lair:3   | CougarLife: oh jesus christ
 23478 | Lair:3   | CougarLife: how did you get away
 23478 | Lair:3   | sleeves: nowhere is safe
 23478 | Lair:3   | CougarLife: what the fuck lmao
 23478 | Lair:3   | sleeves: he got confused by gold
 23478 | Lair:3   | sleeves: :)
 23481 | Lair:3   | CougarLife: thats not fair
 23483 | Lair:3   | CougarLife: you should be dead
 23550 | Lair:4   | CougarLife: ur crazy for fighting 3 ice beasts like that
 23550 | Lair:4   | CougarLife: with 18 ac 13 ev
 23550 | Lair:4   | sleeves: i do have rc+++ lol
 23564 | Lair:4   | CougarLife: oh is all their damage cold?
 23625 | Lair:4   | CougarLife: how tf are your resists better than mine until
                  | i got to zot
 23638 | Lair:4   | sleeves: gozag
 23638 | Lair:4   | sleeves: idk
 23638 | Lair:4   | CougarLife: and found a +6 golden scale
 23719 | Lair:4   | CougarLife: gozag gives resists?
 23719 | Lair:4   | sleeves: no i just called some shops
 23719 | Lair:4   | sleeves: and they hadsome stuff
 23778 | Lair:4   | CougarLife: o
 23813 | Lair:4   | Found a dark tunnel.
 23821 | Volcano  | Entered a volcano
 23842 | Volcano  | CougarLife: wait is that how you got the randarts
 23843 | Volcano  | sleeves: no those were found lol
 23844 | Volcano  | CougarLife: mamn
 23844 | Volcano  | CougarLife: man
 23853 | Volcano  | CougarLife: fuck you and your luck
 23854 | Volcano  | Found a burning altar of Makhleb.
 23856 | Volcano  | Noticed a red draconian
 23857 | Volcano  | CougarLife: god damn gambler
 23867 | Volcano  | Reached skill level 16 in Maces & Flails
 23917 | Volcano  | sleeves: i dont think this is gonna go well
 23925 | Volcano  | CougarLife: i mean you walked in here
 24010 | Lair:4   | sleeves: yeah okay just an ice dragon roaming hte lands on
                  | L4
 24020 | Lair:4   | CougarLife: lmao
 24040 | Lair:4   | CougarLife: that ice dragon makin the hydras look like a
                  | bitch
 24057 | Lair:3   | CougarLife: ive seen dragons in lair before but not outside
                  | of l5
 24063 | Lair:3   | Learned a level 5 spell: Lee's Rapid Deconstruction
 24063 | Lair:3   | CougarLife: L5
 24063 | Lair:3   | sleeves: ive only seen them there or in a vault yeah
 24095 | Lair:3   | CougarLife: L5 vault can be full of them
 24095 | Lair:3   | sleeves: idk everywhere is bad to go
 24095 | Lair:3   | CougarLife: with your luck this run youre gonna have lerny
                  | in the swamp too
 24095 | Lair:3   | sleeves: not sure what i can do anymore
 24182 | D:10     | CougarLife: sounds like ur gonna have to roll some dice
 24253 | D:12     | Reached skill level 1 in Earth Magic
 24256 | D:12     | sleeves: i guess so
 24295 | D:13     | Reached skill level 2 in Earth Magic
 24432 | D:13     | CougarLife: aww its a baby hydra
 24438 | D:13     | CougarLife: hes only got 4 heads dont be a pussy
 24444 | D:13     | CougarLife: easy
 24563 | D:13     | CougarLife: whats the other art you have with you besides
                  | the staff
 24568 | D:13     | CougarLife: oh the flail still
 24611 | D:13     | CougarLife: i should prolly brush my teeth and go to bed i
                  | need to be up in 6.5 hours
 24614 | D:13     | sleeves: okay
 24614 | D:13     | sleeves: see ya
 24623 | D:13     | CougarLife: itl be a few mins i still gotta floss
 24638 | D:13     | Reached skill level 3 in Earth Magic
 24788 | D:14     | Reached skill level 4 in Earth Magic
 24858 | D:14     | Found Imim's Antique Weapon Emporium.
 25052 | D:15     | Entered Level 15 of the Dungeon
 25055 | D:14     | sleeves: i am tired of mobs camping stairs
 25055 | D:14     | CougarLife: ah yes
 25055 | D:14     | CougarLife: the fuck me stairs
 25309 | D:13     | Reached skill level 5 in Earth Magic
 25337 | D:13     | CougarLife: how does the roll ability work
 25337 | D:13     | CougarLife: does it stun them or somethin
 25337 | D:13     | sleeves: i think you just take one turn and get a free
                  | attack
 25337 | D:13     | CougarLife: oh nice
 25337 | D:13     | CougarLife: i feel like that would work well with wujian
 25337 | D:13     | CougarLife: with the lunge
 25337 | D:13     | sleeves: possibly idk if they stack
 25337 | D:13     | CougarLife: gonna check the wiki
 25376 | D:13     | CougarLife: doesnt say
 25453 | D:13     | CougarLife: wow
 25453 | D:13     | CougarLife: curare whip
 25453 | D:13     | sleeves: i might have to buy it
 25453 | D:13     | sleeves: i really dont want to
 25453 | D:13     | CougarLife: its only 700
 25453 | D:13     | CougarLife: not a bad buy for 700\
 25453 | D:13     | CougarLife: also i think the roll ability would stack with
                  | lunge
 25453 | D:13     | CougarLife: would need some testing
 25666 | D:4      | Bought the +8 whip "Snakebite" {venom, curare, rPois} for
                  | 704 gold pieces
 25666 | D:4      | Found the +8 whip "Snakebite" {venom, curare, rPois}
 25789 | D:8      | CougarLife: that whip is doin work
 25804 | D:8      | CougarLife: what weapon class is it
 25817 | D:8      | sleeves: a mace
 25818 | D:8      | CougarLife: oh shit no wonder
 25939 | D:8      | Found Pesiom's Weapon Boutique.
 25948 | D:8      | CougarLife: +8 with 15 skil
 25964 | D:8      | CougarLife: lthat thing be whippin
 25965 | D:8      | Killed Joseph
 26119 | D:8      | CougarLife: god damn you just blasted joseph
 26136 | D:8      | Reached skill level 6 in Earth Magic
 26154 | D:8      | CougarLife: holy fuck
 26154 | D:8      | CougarLife: that thing is doing so much lmao
 26154 | D:8      | sleeves: its really good but its not gonna do shit in the
                  | lair branches
 26234 | D:8      | CougarLife: are they immune to curare?
 26245 | D:8      | sleeves: if its rp+ yeah
 26309 | D:8      | CougarLife: shiet
 26418 | D:8      | CougarLife: stop fuckin with the eels
 26502 | D:8      | sleeves: they have my money
 26510 | D:8      | CougarLife: ok well watch out for the yak pack
 26577 | D:8      | CougarLife: god damn
 26815 | D:8      | CougarLife: slow and poisoned
 26815 | D:8      | CougarLife: that thing is nuts
 26847 | D:1      | CougarLife: at the very least you should be able to do some
                  | more content that you were unable to that is outside of
                  | lair
 26849 | D:8      | sleeves: yeah
 26865 | D:9      | CougarLife: with your luck you will find another mace
 27020 | Orc:1    | CougarLife: or something that isnt shit
 27042 | Orc:1    | CougarLife: god damn that thing shreds lmao
 27042 | Orc:1    | sleeves: probably
 27254 | Orc:2    | Entered Level 2 of the Orcish Mines
 27266 | Orc:1    | HP: 55/110 [orc knight/+1 vorpal long sword (13)]
 27271 | Orc:1    | Reached skill level 7 in Earth Magic
 28378 | Orc:2    | Found a staircase to the Elven Halls.
 28440 | Orc:2    | Noticed Saint Roka
 28441 | Orc:2    | sleeves: any and every unique is in my seed
 28567 | Orc:2    | CougarLife: did you use a mirror on roka?
 28567 | Orc:2    | sleeves: yeah
 28568 | Orc:2    | CougarLife: i see
 28573 | Orc:2    | HP: 47/110 [Saint Roka/+2 battleaxe of electrocution (11)]
 28574 | Orc:2    | Killed Saint Roka
 28575 | Orc:2    | Reached skill level 8 in Earth Magic
 28575 | Orc:2    | Reached XP level 14. HP: 51/117 MP: 7/14
 28577 | Orc:2    | CougarLife: that was spooky
 28804 | Orc:2    | CougarLife: and yeah like i said you better prep for lerny
                  | in swamp
 28804 | Orc:2    | sleeves: had to throw everything at him
 28804 | Orc:2    | sleeves: lol
 28806 | Orc:2    | CougarLife: i wouldnt go in there unless you feel like you
                  | can take lerny
 28929 | Orc:1    | sleeves: yeah hes probably waiting
 29072 | Orc:2    | CougarLife: with your luck hes door camping
 29264 | Orc:2    | CougarLife: youre really gonna try to clear this huh
 29274 | Orc:2    | sleeves: I am praying theres something in the shops
 29275 | Orc:2    | Reached skill level 1 in Spellcasting
 29275 | Orc:2    | CougarLife: the warlord is gonna rinse you
 29300 | Orc:2    | sleeves: well i just killed roka
 29300 | Orc:2    | sleeves: i think hes the toughest thing in here
 29305 | Orc:2    | CougarLife: correqction
 29306 | Orc:2    | CougarLife: you used everything on roka
 29311 | Orc:2    | CougarLife: you no longer have those resources for a
                  | warlord
 29311 | Orc:2    | sleeves: what is this summon lol
 29311 | Orc:2    | sleeves: hes just trying to ruin my run
 29314 | Orc:2    | Reached skill level 9 in Earth Magic
 29474 | Orc:2    | CougarLife: idk how youre taking such little damage
 29479 | Orc:2    | Reached skill level 2 in Spellcasting
 29487 | Orc:2    | CougarLife: with 18 ac and 9 ev
 29491 | Orc:2    | CougarLife: fuckin wild
 29498 | Orc:2    | sleeves: pure power of will
 29521 | Orc:2    | CougarLife: yeah sure buddy
 29583 | Orc:2    | CougarLife: then theres me with 20+ ac and sh getting my
                  | ass beat by these regular ass orc warriors
 29691 | Orc:2    | sleeves: i will take my rng
 29777 | Orc:2    | Found Sahaffi's Distillery.
 29806 | Orc:2    | CougarLife: sorry orc knight not warrior
 29806 | Orc:2    | sleeves: also curae is good i guess
 29864 | Orc:2    | Found Ciruku Miff's Magic Scroll Shop.
 29868 | Orc:2    | Bought 2 potions of heal wounds for 140 gold pieces
 29868 | Orc:2    | Bought a potion of haste for 140 gold pieces
 29868 | Orc:2    | Bought 2 potions of haste for 280 gold pieces
 29868 | Orc:2    | CougarLife: yeah that whip is insane for having 2 unique
                  | brands on it like that
 29870 | Orc:2    | Found Udev's Antique Armour Shop.
 29874 | Orc:2    | Found Oloer's Magic Scroll Emporium.
 29878 | Orc:2    | Reached skill level 3 in Spellcasting
 29918 | Orc:2    | Bought a scroll of acquirement for 780 gold pieces
 29927 | Orc:2    | sleeves: WHAT ARE THOSE
 29927 | Orc:2    | CougarLife: what the fuck is that
 29929 | Orc:2    | sleeves: never seen it
 29929 | Orc:2    | CougarLife: they are not good
 29929 | Orc:2    | Bought a scroll of teleportation for 42 gold pieces
 29929 | Orc:2    | CougarLife: moving directly towards an enemy places you
                  | directly adjacent to them and makes a melee attack
 29929 | Orc:2    | CougarLife: i dont think you can even wear boots can you
 29929 | Orc:2    | sleeves: nope
 29929 | Orc:2    | sleeves: im a retarded centaur or something
 29929 | Orc:2    | sleeves: money or the gloves
 29929 | Orc:2    | sleeves: the gloves are kinda bad
 29929 | Orc:2    | CougarLife: those gloves are trash
 29929 | Orc:2    | CougarLife: youre gozag take the gold
 29929 | Orc:2    | Acquired 1338 gold pieces
 29944 | Orc:2    | CougarLife: 2 ac wont save you
 29944 | Orc:2    | CougarLife: or 3 or 4, w/e +2 gloves gives
 29987 | Orc:1    | CougarLife: youve definitely seen some interesting
                  | artifacts in this seed thats for sure
 29987 | Orc:1    | sleeves: yeah
 30174 | D:13     | CougarLife: that slimes gonna kick your ass
 30179 | D:13     | sleeves: im gonna go caster melee hybro
 30184 | D:13     | Learned a level 4 spell: Iskenderun's Mystic Blast
 30199 | D:13     | CougarLife: good luck
 30264 | D:13     | CougarLife: roll into the small one and kill it before it
                  | gets close to another
 30273 | D:12     | CougarLife: or play it like that ig
 30273 | D:12     | sleeves: now your sounding like me lol
 30303 | D:13     | CougarLife: lmao true
 30630 | D:13     | CougarLife: ah yes
 30632 | D:13     | CougarLife: the eeper
 30639 | D:13     | CougarLife: (he eepin)
 30727 | D:14     | Reached skill level 1 in Conjurations
 30772 | D:14     | Noticed an ironbound preserver
 30794 | D:14     | Killed an ironbound preserver
 30870 | D:14     | Found a gate to the Vaults.
 30945 | D:14     | Reached skill level 2 in Conjurations
 31034 | D:14     | Reached skill level 4 in Spellcasting
 31627 | D:13     | Reached skill level 10 in Earth Magic
 31926 | D:13     | Reached skill level 3 in Conjurations
 32144 | D:14     | Noticed Snorg
 32154 | D:14     | Killed Snorg
 33002 | D:14     | Reached skill level 5 in Spellcasting
 33286 | D:15     | Identified the +5 leather armour "Ynobodoo" {Int+2 Stlth+}
 33292 | D:15     | Reached skill level 4 in Conjurations
 33978 | D:15     | HP: 55/117 [two-headed ogre/+0 giant club (4)]
 34242 | D:15     | Reached skill level 6 in Spellcasting
 34444 | D:15     | Reached skill level 5 in Conjurations
 34458 | D:15     | Reached XP level 15. HP: 108/123 MP: 22/24
 34677 | D:15     | Reached skill level 11 in Earth Magic
 34886 | D:15     | Found a staircase to the Depths.
 35884 | D:15     | CougarLife: almost entered vaults and sealed your fate lmao
 36096 | Lair:1   | CougarLife: its only a 4 headed hydra
 36102 | Lair:1   | CougarLife: just put on the staff and eat his ass
 36111 | Lair:1   | CougarLife: or that works
 36322 | Lair:2   | CougarLife: does your crosstraining bleed into short
                  | blades?
 36371 | Lair:2   | sleeves: nah
 36371 | Lair:2   | CougarLife: oh its a long blade anyway
 36522 | Lair:3   | CougarLife: 24% on both still
 36522 | Lair:3   | CougarLife: not worth
 36530 | Lair:3   | CougarLife: you should get the fuck out before you stumble
                  | into hiim
 36576 | Lair:4   | sleeves: i gotta fight somethng
 36615 | Lair:4   | CougarLife: lmao
 36760 | Lair:4   | Reached skill level 6 in Conjurations
 36845 | Lair:4   | Reached skill level 7 in Spellcasting
 37194 | Lair:4   | CougarLife: can you cast anything worth casting yet
 37225 | Lair:4   | CougarLife: wtf
 37225 | Lair:4   | CougarLife: you have lrd?
 37225 | Lair:4   | sleeves: yeah
 37225 | Lair:4   | CougarLife: fucking use it lmao
 37225 | Lair:4   | sleeves: i dont want to cast it cuz its so loud
 37225 | Lair:4   | CougarLife: ah
 37236 | Lair:4   | Learned a level 5 spell: Iskenderun's Battlesphere
 37236 | Lair:4   | CougarLife: well dont forget about it if youre in a pinch
                  | you can always tp scroll
 37239 | Lair:4   | sleeves: yeah ill try to remember
 37314 | Lair:5   | Entered Level 5 of the Lair of Beasts
 37327 | Lair:5   | CougarLife: oh hell naw
 37364 | Lair:4   | CougarLife: spunchbop took 31 benadryl and is being swarmed
                  | by teleporting frogs
 37435 | Lair:4   | CougarLife: how
 37436 | Lair:4   | CougarLife: how are they doing nothing
 37436 | Lair:4   | CougarLife: 19 ac 10 ev
 37436 | Lair:4   | sleeves: they are getting distracted by gold
 37436 | Lair:4   | sleeves: a good amount
 37436 | Lair:4   | CougarLife: theres no shot
 37436 | Lair:4   | CougarLife: youre this lucky
 37436 | Lair:4   | sleeves: look
 37436 | Lair:4   | CougarLife: this is stupid
 37436 | Lair:4   | sleeves: gozag can be good
 37436 | Lair:4   | CougarLife: if gozag doesnt do this shit for me tomorrow
 37449 | Lair:4   | CougarLife: on my felid
 37455 | Lair:4   | CougarLife: im gonna be pissed
 37461 | Lair:4   | sleeves: lol
 37663 | Lair:4   | CougarLife: i honestly cant wait
 37689 | Lair:4   | CougarLife: the build converts to jiyva too
 37698 | Lair:4   | CougarLife: ive always wanted to do a jiyva run
 37698 | Lair:4   | sleeves: jivya with a summoner
 37698 | Lair:4   | sleeves: sounds weird
 37722 | Lair:4   | CougarLife: its mainly to make up for felid weakness
 37745 | Lair:4   | CougarLife: it works real well with felid cuz 99% of items
                  | are useless to you as a cat
 37745 | Lair:4   | sleeves: yeah
 37745 | Lair:4   | CougarLife: also the bonuses he gives
 37745 | Lair:4   | sleeves: i can see it
 37745 | Lair:4   | CougarLife: ive wanted to make a jiyva run work on a troll
                  | for so long
 37745 | Lair:4   | sleeves: I only got it to work once
 37745 | Lair:4   | CougarLife: the guide says builds that get to the point of
                  | converting from gozag to jiyva
 37752 | Lair:4   | CougarLife: once they convert theres like a 50% chance of
                  | winning
 37752 | Lair:4   | Found a snail-covered altar of Cheibriados.
 37773 | Lair:4   | CougarLife: i think jiyva is the long run god too
 37773 | Lair:4   | Acquired the +4 buckler of the Equator {Dex+4}
 37780 | Lair:4   | sleeves: idk when i was playing jivya i thought i would be
                  | better off with another god
 37780 | Lair:4   | sleeves: though my troll was throwing tactical nukes with
                  | like 50+ str
 37780 | Lair:4   | CougarLife: what other god would u use on a felid tho lol
 37780 | Lair:4   | sleeves: idk a few could work
 37780 | Lair:4   | CougarLife: gozag is what youre supposed to start with
 37780 | Lair:4   | sleeves: fedhas, vehumet, sif, nemlex, hepliak
 37780 | Lair:4   | sleeves: maybe
 37780 | Lair:4   | sleeves: my win with my felid was with sif
 37780 | Lair:4   | CougarLife: yeah those would prolly work
 37780 | Lair:4   | CougarLife: the guide mentions that the writer just likes
                  | jiyva
 37780 | Lair:4   | CougarLife: and im a fan as well and have wanted a jiyva
                  | run so
 37780 | Lair:4   | CougarLife: thats why im doin it lol
 37780 | Lair:4   | sleeves: yeah i just dont find jivya very strong but its
                  | fun
 37780 | Lair:4   | sleeves: i basically was forced to get statue form to
                  | survive on my felid
 37796 | Lair:4   | CougarLife: yeah guide mentions statue and storm form
 37951 | Lair:5   | Found a staircase to the Slime Pits.
 38032 | Lair:4   | CougarLife: alright its 5 am almost i gotta go to bed fr
 38038 | Lair:4   | sleeves: yeah alright im going to bed soon as well
 38038 | Lair:4   | sleeves: see ya
 38038 | Lair:4   | CougarLife: cya later brother
 38668 | Lair:4   | Found the dreamshard necklace {*Dream Drain}
 38835 | Lair:4   | Got Sif Muna's Octavo of Gritty Frostbite
 38840 | Lair:4   | Learned a level 3 spell: Stone Arrow
 38846 | Lair:4   | Learned a level 5 spell: Borgnjor's Vile Clutch
 38925 | Lair:4   | Reached skill level 7 in Conjurations
 39195 | Lair:5   | Identified the +2 mace of Floral Tenacity {freeze, rElec
                  | rF+ rC+ rCorr}
 39307 | Lair:5   | Reached skill level 8 in Spellcasting
 39413 | Lair:5   | Reached skill level 12 in Earth Magic
 40416 | Lair:5   | Reached skill level 1 in Shields
 40766 | Lair:5   | Reached skill level 8 in Conjurations
 40940 | Lair:5   | Reached skill level 2 in Shields
 41505 | Lair:5   | Reached XP level 16. HP: 125/130 MP: 9/28
 41698 | Lair:5   | Reached skill level 9 in Spellcasting
 41738 | Lair:5   | Reached skill level 3 in Shields
 42351 | D:9      | Bought a shimmering cloak for 275 gold pieces
 42351 | D:9      | Identified the +1 cloak "Dusku" {rElec Str+3 Dex+2 Slay+3}
                  | (You bought it in a shop on level 9 of the Dungeon)
 42369 | D:9      | Bought a manual of Dodging for 1280 gold pieces
 42376 | D:9      | Bought a smoking robe for 165 gold pieces
 42376 | D:9      | Identified the +1 robe of Resourcefulness {Regen+} (You
                  | bought it in a shop on level 9 of the Dungeon)
 42414 | Snake:1  | Entered Level 1 of the Snake Pit
 42858 | Snake:1  | Found a transporter.
 42870 | Snake:1  | Found a transporter.
 42977 | Snake:1  | HP: 65/130 [poisoned by a black mamba]
 42982 | Snake:1  | HP: 54/130 [poisoned by a black mamba]
 42985 | Snake:1  | HP: 23/130 [salamander/+0 trident (7)]
 43481 | Snake:1  | Found a transporter.
 43501 | Snake:1  | Reached skill level 4 in Shields
 43627 | Snake:1  | Found a transporter.
 43917 | Snake:1  | Found a transporter.
 44263 | Snake:2  | Reached skill level 9 in Dodging
 44494 | Snake:2  | Reached skill level 9 in Conjurations
 46676 | Snake:3  | Reached skill level 10 in Spellcasting
 47534 | Snake:3  | Reached skill level 10 in Dodging
 47919 | Snake:3  | Found Nujimuy's Antique Weapon Shoppe.
 48806 | Snake:4  | Entered Level 4 of the Snake Pit
 49178 | Snake:3  | Reached skill level 10 in Conjurations
 49478 | Snake:4  | HP: 64/130 [salamander mystic/+0 scimitar (6)]
 49485 | Snake:4  | HP: 42/130 [salamander/+3 glaive (14)]
 49852 | Snake:4  | Reached skill level 11 in Dodging
 50814 | Snake:4  | Reached XP level 17. HP: 130/136 MP: 18/31
 51126 | Snake:4  | Reached skill level 11 in Spellcasting
 51583 | Snake:4  | Found a sparkling altar of Nemelex Xobeh.
 51847 | Snake:4  | Learned a level 6 spell: Iron Shot
 52993 | Snake:4  | Reached skill level 12 in Dodging
 53546 | Snake:4  | Got a serpentine rune of Zot
 53557 | Snake:4  | Learned a level 4 spell: Passage of Golubria
 53710 | Swamp:1  | Entered Level 1 of the Swamp
 53780 | Swamp:1  | Reached skill level 5 in Shields
 53998 | Swamp:1  | You are sucked into a shaft and drop 1 floor!
 54036 | Swamp:2  | Reached skill level 1 in Translocations
 54165 | Swamp:2  | Reached skill level 11 in Conjurations
 54261 | Swamp:2  | Found a frozen archway.
 54466 | IceCv    | Entered an ice cave
 54913 | IceCv    | Gained mutation: You occasionally lose the ability to drink
                  | potions when taking damage. [a neqoxec]
 55026 | IceCv    | Lost mutation: You occasionally lose the ability to drink
                  | potions when taking damage. [potion of mutation]
 55026 | IceCv    | Gained mutation: Your spells are a little easier to cast,
                  | but a little less powerful. [potion of mutation]
 55026 | IceCv    | Gained mutation: You have large cloven feet. [potion of
                  | mutation]
 55041 | IceCv    | Reached skill level 2 in Translocations
 55085 | IceCv    | Noticed an Ice Fiend
 55094 | IceCv    | HP: 53/136 [??? (32)]
 55116 | IceCv    | Killed an Ice Fiend
 55700 | IceCv    | Identified the +2 pair of boots of Repulsion {rPois Str+4
                  | Int-2}
 56457 | Swamp:1  | Reached skill level 3 in Translocations
 57034 | Swamp:1  | Reached skill level 6 in Shields
 58484 | Swamp:2  | Reached skill level 12 in Spellcasting
 59040 | Swamp:3  | Reached skill level 4 in Translocations
 59334 | Swamp:3  | HP: 67/136 [will-o-the-wisp/foxfire (11)]
 59616 | Swamp:3  | Noticed Bai Suzhen
 59920 | Swamp:4  | Entered Level 4 of the Swamp
 61227 | Swamp:4  | Reached skill level 5 in Translocations
 61227 | Swamp:4  | Reached XP level 18. HP: 138/143 MP: 18/34
 61653 | Swamp:4  | Reached skill level 7 in Shields
 61683 | Swamp:3  | Reached skill level 12 in Conjurations
 62044 | Swamp:4  | Paralysed by a hornet for 3 turns
 62321 | Swamp:4  | Reached skill level 6 in Translocations
 63250 | Swamp:4  | Reached skill level 8 in Shields
 63559 | Swamp:4  | Reached skill level 7 in Translocations
 63766 | Swamp:4  | Got a decaying rune of Zot
 64437 | D:10     | Killed greasedhog's ghost
 64450 | D:10     | Killed CertainDeath's ghost
 64636 | D:11     | Killed Urug
 64960 | Vaults:1 | Entered Level 1 of the Vaults
 65265 | Vaults:1 | Noticed Aizul
 65496 | Vaults:1 | Reached skill level 8 in Translocations
 65511 | Vaults:1 | HP: 64/143 [dire elephant (16)]
 65515 | Vaults:1 | Reached skill level 9 in Shields
 65518 | Vaults:1 | HP: 56/143 [something (10)]
 65854 | Vaults:1 | Found Weyxen's Distillery.
 65982 | Vaults:1 | Found Akaeng's Magic Scroll Shoppe.
 66261 | Vaults:1 | Found Geusail's Jewellery Shop.
 66470 | Vaults:1 | Reached skill level 10 in Shields
 66771 | Vaults:1 | Found Metamiub's Antique Armour Boutique.
 67237 | Vaults:1 | Found Goosk's Antique Armour Boutique.
 67244 | Vaults:1 | Bought a glowing helmet for 195 gold pieces
 67244 | Vaults:1 | Bought a pair of embroidered gloves for 195 gold pieces
 69054 | Vaults:2 | Reached XP level 19. HP: 86/151 MP: 9/35
 69554 | Vaults:2 | Reached skill level 13 in Dodging
 70606 | Vaults:2 | Reached skill level 11 in Fighting
 70885 | Vaults:2 | HP: 69/153 [vault warden/+0 bardiche (49)]
 71502 | Vaults:2 | HP: 76/153 [yaktaur/bolt[a yaktaur captain] (8)]
 72543 | Vaults:3 | Noticed Margery
 73156 | Vaults:3 | Reached skill level 13 in Spellcasting
 73300 | Vaults:3 | Reached skill level 13 in Earth Magic
 74090 | Vaults:3 | Identified the ring of Satisfaction {Ice Will+}
 74320 | Vaults:3 | Paralysed by a great orb of eyes for 4 turns
 75402 | Vaults:3 | Reached skill level 12 in Fighting
 75571 | Vaults:3 | Found a staircase to the Crypt.
 75798 | Vaults:3 | HP: 75/153 [hell knight/+4 great sword of flaming[Margery]
                  | (16)]
 75806 | Vaults:3 | HP: 65/153 [Margery/fireball (10)]
 75806 | Vaults:3 | Killed Margery
 77165 | Vaults:4 | Noticed Sojobo
 77169 | Vaults:4 | HP: 68/156 [ancient champion/iron shot (57)]
 77489 | Vaults:4 | Reached skill level 14 in Dodging
 77657 | Vaults:4 | Reached XP level 20. HP: 150/163 MP: 34/37
 77728 | Vaults:4 | Identified the +1 plate armour "Ohag" {Will+ Str+2 Int+4}
 77821 | Vaults:4 | Found Feiriep's Book Boutique.
 78870 | Vaults:4 | Paralysed by an air elemental for 1 turns
 78874 | Vaults:4 | Paralysed by an air elemental for 1 turns
 78883 | Vaults:4 | Paralysed by an air elemental for 1 turns
 78887 | Vaults:4 | Paralysed by an air elemental for 1 turns
 78893 | Vaults:4 | Paralysed by an air elemental for 1 turns
 78898 | Vaults:4 | Paralysed by an air elemental for 1 turns
 78900 | Vaults:4 | Paralysed by an air elemental for 1 turns
 78904 | Vaults:4 | Paralysed by an air elemental for 1 turns
 78904 | Vaults:4 | HP: 82/165 [air elemental/stunning burst[Sojobo] (2)]
 78908 | Vaults:4 | Paralysed by an air elemental for 1 turns
 79221 | Vaults:4 | Reached skill level 14 in Spellcasting
 79221 | Vaults:4 | Reached skill level 14 in Earth Magic
 79409 | Vaults:4 | Paralysed by an air elemental for 1 turns
 79412 | Vaults:4 | HP: 82/165 [air elemental[Sojobo] (1)]
 79412 | Vaults:4 | Paralysed by an air elemental for 1 turns
 80282 | Elf:1    | Entered Level 1 of the Elven Halls
 80763 | Elf:1    | Reached skill level 13 in Fighting
 81115 | Elf:1    | Got the Volume of Left-Handed Deeds
 81706 | Elf:1    | Paralysed by an air elemental for 1 turns
 82370 | Elf:2    | Found Peseet's General Store.
 82374 | Elf:2    | Found Jugholeliu's General Store.
 83398 | Elf:2    | Found a huge runed translucent gate.
 83398 | Elf:2    | Found a huge runed translucent gate.
 83404 | Elf:2    | Found a huge runed translucent gate.
 83405 | Elf:2    | Found a huge runed translucent gate.
 83405 | Elf:2    | Found a huge runed translucent gate.
 84671 | Elf:2    | HP: 80/167 [poisoned by a +3 glaive of venom]
 84676 | Elf:2    | HP: 70/167 [poisoned by a +3 glaive of venom]
 84681 | Elf:2    | HP: 66/167 [poisoned by a +3 glaive of venom]
 85241 | Elf:3    | Entered Level 3 of the Elven Halls
 85843 | Elf:3    | Reached XP level 21. HP: 174/175 MP: 39/39
 85986 | Elf:3    | Reached skill level 15 in Dodging
 86579 | Elf:3    | Noticed Asterion
 86938 | Elf:3    | Reached skill level 14 in Fighting
 87370 | Elf:3    | Reached skill level 15 in Earth Magic
 87371 | Elf:3    | Reached skill level 15 in Spellcasting
 87734 | Elf:3    | Killed Asterion
 87917 | Elf:3    | Identified the ring of the Good {Wiz rElec Int+2 Dex+2}
 87936 | Elf:3    | Reached skill level 9 in Armour
 88070 | Elf:3    | Identified the ring of Fofa Rulo {*Corrode Str+6 Int+2
                  | Dex+4 SInv}
 88132 | Elf:3    | Identified the +1 leather armour "Nuaff" {-Tele +Inv Dex+7}
 88474 | Elf:3    | Identified the +3 halberd "Ginoqyidgh" {spect, rN+ Int+3}
 88575 | Elf:3    | Identified the ring of Surprise {+Blink MP+9 Str-3 Dex+4}
 88675 | Elf:3    | Identified the +2 pair of gloves of the Kraken {rC- Will+
                  | Int+4 Stlth+}
 88695 | Elf:3    | Identified the +8 plate armour of Midsummer {SInv Stlth+}
 88697 | Elf:3    | Identified the +4 shortbow of the Equator {venom, +Blink
                  | rElec Will+}
 88704 | Elf:3    | Learned a level 3 spell: Mephitic Cloud
 88788 | Elf:3    | Noticed Mara
 89277 | D:9      | Bought the Commentary on Transmigration for 544 gold pieces
 89284 | D:9      | Learned a level 6 spell: Statue Form
 89399 | Snake:3  | Bought a runed demon whip for 540 gold pieces
 89684 | Orc:2    | Bought a scroll of enchant armour for 105 gold pieces
 89684 | Orc:2    | Bought a scroll of enchant armour for 105 gold pieces
 89684 | Orc:2    | Bought a scroll of magic mapping for 105 gold pieces
 89859 | Vaults:1 | Bought a scroll of enchant weapon for 90 gold pieces
 89859 | Vaults:1 | Bought a scroll of magic mapping for 90 gold pieces
 89859 | Vaults:1 | Bought a scroll of teleportation for 36 gold pieces
 89859 | Vaults:1 | Bought a scroll of magic mapping for 90 gold pieces
 90049 | Depths:1 | Entered Level 1 of the Depths
 90136 | Depths:1 | Reached skill level 1 in Transmutations
 90272 | D:15     | Reached skill level 2 in Transmutations
 90477 | D:15     | HP: 85/178 [poisoned by a green very ugly thing]
 90483 | D:15     | HP: 49/178 [brown very ugly thing (6)]
 90894 | Depths:1 | Paralysed by a floating eye for 3 turns
 90902 | Depths:1 | HP: 88/178 [frost giant/bolt of cold (7)]
 91406 | D:15     | Reached skill level 15 in Fighting
 91655 | D:14     | Found a burning altar of Makhleb.
 91731 | D:13     | Reached skill level 3 in Transmutations
 91853 | Depths:1 | HP: 84/179 [ettin/+0 dire flail (7)]
 91891 | Depths:1 | Reached skill level 10 in Armour
 91897 | Depths:1 | HP: 81/179 [ettin zombie[a necromancer] (13)]
 91904 | Depths:1 | HP: 82/179 [ettin/+0 dire flail (16)]
 91929 | D:15     | HP: 63/179 [purple very ugly thing (5)]
 92245 | D:15     | Reached skill level 4 in Transmutations
 92641 | Depths:1 | Learned a level 6 spell: Dispersal
 92702 | Depths:1 | Found Gocvyij's Jewellery Boutique.
 92702 | Depths:1 | Found Suneag's Book Shoppe.
 92703 | Depths:1 | Found Ocvenac's Book Shoppe.
 92845 | Depths:1 | Reached skill level 5 in Transmutations
 92863 | Depths:1 | HP: 82/179 [reaper (14)]
 93164 | Depths:1 | Found a gateway to Hell.
 93257 | Depths:1 | Found a one-way gateway to a ziggurat.
 93686 | Depths:1 | Reached skill level 6 in Transmutations
 93694 | Depths:1 | HP: 85/179 [stone giant (15)]
 94322 | Depths:1 | Reached skill level 7 in Transmutations
 95051 | Depths:2 | Reached skill level 8 in Transmutations
 95381 | Depths:2 | Found a one-way gate leading to the halls of Pandemonium.
 95622 | Depths:2 | Found a radiant altar of Vehumet.
 95746 | Depths:2 | Reached skill level 9 in Transmutations
 95746 | Depths:2 | Reached XP level 22. HP: 179/187 MP: 6/41
 96138 | Depths:2 | Reached skill level 10 in Transmutations
 96438 | Depths:2 | Found a glowing golden altar of the Shining One.
 96438 | Depths:2 | Found a white marble altar of Elyvilon.
 96438 | Depths:2 | Found a glowing silver altar of Zin.
 97011 | Depths:2 | Noticed a dread lich
 97045 | Depths:2 | Killed a dread lich
 97979 | Depths:3 | Paralysed by a floating eye for 3 turns
 98001 | Depths:3 | Reached skill level 16 in Earth Magic
 98289 | Depths:3 | HP: 88/187 [ice dragon/blast of cold (7)]
 98713 | Depths:3 | Found a large runed translucent door.
 98945 | Depths:3 | Noticed a golden dragon
 98954 | Depths:3 | Killed a golden dragon
 99198 | Depths:3 | Found a large runed translucent door.
 99200 | Depths:3 | Found a large runed translucent door.
 99200 | Depths:3 | Noticed a juggernaut
 99674 | Depths:3 | Found a large runed translucent door.
 99676 | Depths:3 | Found a large runed translucent door.
 99682 | Depths:3 | Found a large runed translucent door.
 99683 | Depths:3 | Found a large runed translucent door.
 99857 | Depths:3 | Reached skill level 9 in Translocations
100050 | Depths:3 | Found a one-way gate to the infinite horrors of the Abyss.
100437 | Depths:3 | Found a large runed translucent door.
100525 | Depths:4 | Entered Level 4 of the Depths
100544 | Depths:4 | HP: 90/187 [fire giant/+0 great sword of flaming (13)]
100546 | Depths:4 | Reached skill level 17 in Earth Magic
101335 | Depths:4 | Reached skill level 10 in Translocations
102507 | Depths:4 | Reached XP level 23. HP: 167/193 MP: 42/42
102798 | Depths:4 | Found a broken altar of Ashenzari.
103333 | Depths:4 | Reached skill level 11 in Translocations
103482 | Depths:4 | Found a gate to the Realm of Zot.
103489 | Depths:4 | CougarLife: tried doin the felid thing for an hour or two
                  | lol
103490 | Depths:4 | CougarLife: d3 is the most dangerous floor in this entire
                  | game
103490 | Depths:4 | sleeves: it is
103490 | Depths:4 | CougarLife: i see youve somehow made this palentonga work
103490 | Depths:4 | sleeves: yeah i guess hes just some kinda caster with melee
103490 | Depths:4 | CougarLife: what kinda spells you packin
103490 | Depths:4 | sleeves: you should try felid EE
103490 | Depths:4 | sleeves: if u wanna play felid
103490 | Depths:4 | CougarLife: not bad
103490 | Depths:4 | sleeves: i need rf and willpower tho
103490 | Depths:4 | CougarLife: i dont necessarily want to play felid i just
                  | wanted to try it cuz there was a guide for it
103762 | D:9      | CougarLife: the summon ai is a lot more finnicky than the
                  | guide made it out to be tho im ngl lmao
103763 | D:9      | Bought a scroll of enchant weapon for 120 gold pieces
103763 | D:9      | Bought a scroll of teleportation for 48 gold pieces
103763 | D:9      | sleeves: summoner to me feels more like a support magic
                  | school
103774 | D:9      | CougarLife: i think im gonna try to get a win on a trfi
                  | next, maybe keep tryin this felid summoner thing a bit on
                  | the side
103774 | D:9      | sleeves: sure
103779 | D:9      | Bought the +2 cloak of Jigsaw {rF+ rC+ rCorr Int-3} for 591
                  | gold pieces
104113 | Lair:3   | Killed Rupert
104352 | Lair:3   | CougarLife: statue form is nuts
104363 | Lair:3   | sleeves: finally im not paper
104579 | Lair:3   | CougarLife: u had 41 ac there for a second lol
104584 | Lair:3   | CougarLife: fuckin disgusting
104734 | Slime:1  | Entered Level 1 of the Pits of Slime
104968 | Slime:2  | Reached skill level 18 in Earth Magic
105053 | Slime:2  | sleeves: idk how im gonna kill trj
105080 | Slime:3  | Gained mutation: You are frail. (-10% HP) [a shining eye]
105379 | Slime:5  | Entered Level 5 of the Pits of Slime
105480 | Slime:5  | CougarLife: just dive the altar
105581 | Slime:5  | CougarLife: its a jiyva run now
105589 | Slime:5  | sleeves: ehh idk
105589 | Slime:5  | sleeves: jivya wont save me in zot
105643 | Slime:5  | Noticed the Royal Jelly
105666 | Slime:5  | CougarLife: well you dragged him out a good bit
105745 | Slime:5  | CougarLife: you might be able to just passage past hjim and
                  | grab the rune
105758 | Slime:5  | Gained mutation: You occasionally lose the ability to drink
                  | potions when taking damage. [a shining eye]
105761 | Slime:5  | Gained mutation: You are covered in fur. (AC +1) [a shining
                  | eye]
105963 | Slime:4  | sleeves: damnit
105991 | Slime:4  | Reached skill level 12 in Translocations
106189 | Slime:5  | CougarLife: thats not good lol
106195 | Slime:5  | HP: 110/227 [acid blob (18)]
106202 | Slime:5  | HP: 88/227 [quicksilver ooze (12)]
106467 | Slime:5  | CougarLife: youre insane lol
106470 | Slime:5  | CougarLife: might only adds 1d10 damage
106532 | Slime:4  | sleeves: im stronk
106568 | Slime:5  | CougarLife: stronk or stroke
106608 | Slime:5  | sleeves: both
106629 | Slime:5  | CougarLife: having a stroke irl and stroke of luck
107010 | Slime:5  | sleeves: is he really just camping up there
107241 | Slime:5  | sleeves: ok heres my plan
107246 | Slime:5  | sleeves: bad plan
108973 | Slime:4  | sleeves: yeah nvm
109348 | Crypt:1  | Entered Level 1 of the Crypt
109587 | Crypt:1  | Reached skill level 19 in Earth Magic
110762 | Crypt:1  | Noticed Jory
110775 | Crypt:1  | Killed Jory
111152 | Crypt:2  | CougarLife: what happened in slime
111249 | Crypt:1  | sleeves: i cant kill him
111351 | Crypt:2  | CougarLife: not yet
111487 | Crypt:2  | Reached skill level 20 in Earth Magic
112730 | Crypt:3  | Entered Level 3 of the Crypt
112921 | Crypt:3  | HP: 100/227 [skeletal warrior/+0 mace (16)]
112922 | Crypt:3  | Reached XP level 24. HP: 104/182 MP: 42/42
113288 | Crypt:3  | Noticed Xtahua
113337 | Crypt:3  | Killed Xtahua
113884 | Crypt:3  | Reached skill level 21 in Earth Magic
116628 | Crypt:3  | Found a staircase to the Tomb.
116691 | Crypt:3  | Identified the +1 ring mail of Gaxiq {rElec rC+ rN+++
                  | Str-3}
116735 | Crypt:3  | HP: 62/180 [??? (48)]
117168 | Crypt:3  | Noticed a royal mummy
117177 | Crypt:3  | CougarLife: oh thats not good
117642 | Crypt:3  | Killed a royal mummy
118450 | Crypt:3  | Identified the ring "Jiabepok" {rElec rN+ MP-9 Str+4}
118450 | Crypt:3  | Identified the ring of Nobility {rPois rC+ rN+}
118450 | Crypt:3  | Identified the ring of Fazaon {Drain rN+ Dex+4}
118808 | D:9      | Bought a glowing tower shield for 315 gold pieces
119107 | Vaults:4 | Bought a book of Armaments for 648 gold pieces
119315 | Depths:1 | Bought a book of Annihilations for 900 gold pieces
119327 | Depths:1 | Learned a level 8 spell: Lehudib's Crystal Spear
119338 | Depths:1 | Learned a level 9 spell: Shatter
119338 | Depths:1 | sleeves: afk
119537 | Vaults:1 | Killed Aizul
119728 | Hell     | Entered the Vestibule of Hell
119729 | Hell     | Noticed Geryon
120219 | Depths:1 | Reached skill level 22 in Earth Magic
120231 | Depths:1 | sleeves: ??putrid mouth
120231 | Depths:1 | beem: putrid mouth[1/1]: A screaming wraith with {miasma}
                  | breath, and melee attacks that drain stats and vigorously
                  | poison. New in 0.28's Tar rework!
120326 | Hell     | HP: 117/236 [reaper/+1 vorpal scythe (8)]
120934 | Depths:1 | Paralysed by a wendigo for 1 turns
120937 | Depths:1 | Paralysed by a wendigo for 1 turns
121387 | Depths:1 | HP: 114/236 [hell hog (10)]
121626 | Depths:1 | HP: 114/236 [hell rat (13)]
121632 | Depths:1 | HP: 107/236 [sun demon (3)]
122570 | Depths:1 | Reached skill level 11 in Shields
123148 | Depths:1 | HP: 102/236 [iron golem (19)]
124480 | Hell     | Killed Geryon
124787 | D:11     | You paid a toll of the horn of Geryon to enter a treasure
                  | trove
124788 | Trove    | Entered a treasure trove
125087 | Vaults:4 | HP: 109/236 [Sojobo/+1 great sword of electrocution (16)]
125091 | Vaults:4 | Paralysed by an air elemental for 1 turns
125093 | Vaults:4 | HP: 59/182 [air elemental/stunning burst[Sojobo] (11)]
125097 | Vaults:4 | Paralysed by an air elemental for 1 turns
125098 | Vaults:4 | HP: 49/182 [air elemental/stunning burst[Sojobo] (4)]
125476 | Vaults:4 | Paralysed by an air elemental for 1 turns
125996 | Vaults:5 | Entered Level 5 of the Vaults
126012 | Vaults:4 | HP: 117/236 [vault guard/+1 war axe of freezing (2)]
126030 | Vaults:4 | HP: 91/182 [yaktaur/bolt[a yaktaur captain] (2)]
127124 | Vaults:5 | Noticed a dread lich
127125 | Vaults:5 | Reached skill level 23 in Earth Magic
127244 | Vaults:5 | Killed a dread lich
127245 | Vaults:5 | Reached XP level 25. HP: 188/188 MP: 25/42
127253 | Vaults:4 | HP: 122/244 [golden dragon (11)]
127529 | Vaults:5 | Noticed a dread lich
127815 | Vaults:5 | Killed a dread lich
127829 | Vaults:4 | HP: 114/243 [shadow dragon (9)]
128094 | Vaults:5 | Identified the +6 whip of Brawling {spect, rCorr}
128358 | Vaults:5 | Reached skill level 24 in Earth Magic
129621 | Vaults:5 | Identified the +8 plate armour of Yllorail {rF+ rC+}
129697 | Vaults:5 | Got a silver rune of Zot
129770 | Vaults:5 | Identified the +7 battleaxe "Ultimatum" {vorpal, *Slow
                  | +Blink rPois Str+5}
129785 | Vaults:5 | Learned a level 8 spell: Borgnjor's Revivification
129834 | Vaults:5 | Identified the amulet "Xerunt" {Spirit Harm Dex+4}
132912 | Slime:5  | Killed the Royal Jelly
132913 | Slime:5  | HP: 94/188 [rockslime (43)]
133207 | Slime:5  | Identified the ring "Ahiheth" {rF+ rC+}
133217 | Slime:5  | Got a slimy rune of Zot
133218 | Slime:5  | Identified the +1 robe of Vehumet's Condemnation {rC++}
133424 | Slime:5  | Identified the ring "Erissice" {rPois MP+9 EV+4 Str+4
                  | Dex-5}
133429 | Slime:5  | Identified the amulet of Ygesmoph {Faith rN+ Dex+4 SInv}
134006 | Zot:1    | Entered Level 1 of the Realm of Zot
134180 | Depths:4 | HP: 94/188 [red draconian scorcher/bolt of magma[a purple
                  | draconian shifter] (29)]
134185 | Depths:4 | HP: 125/282 [something (3)]
135030 | Zot:1    | Reached skill level 25 in Earth Magic
135998 | Zot:1    | HP: 120/244 [death cob (11)]
136003 | Zot:1    | HP: 108/244 [death cob (16)]
136008 | Zot:1    | HP: 72/244 [death cob (6)]
136031 | Zot:1    | HP: 83/244 [tentacled monstrosity (6)]
136405 | Zot:1    | Acquired 555 gold pieces
136726 | Zot:1    | Noticed Yliz's ghost (legendary DsBe)
136729 | Zot:1    | Found a transporter.
136870 | Zot:1    | Found a transporter.
137451 | Zot:1    | Reached skill level 13 in Conjurations
139410 | Zot:2    | Reached skill level 16 in Spellcasting
139410 | Zot:2    | Reached XP level 26. HP: 193/193 MP: 42/43
139411 | Zot:2    | Reached skill level 14 in Conjurations
139411 | Zot:2    | Reached XP level 27. HP: 199/199 MP: 42/43
140233 | Zot:3    | Reached skill level 17 in Spellcasting
141836 | Zot:3    | Noticed an orb of fire
141844 | Zot:3    | Killed an orb of fire
142512 | Zot:3    | Reached skill level 18 in Spellcasting
142996 | Zot:4    | Noticed Parghit
143315 | Zot:4    | Identified the +12 sling of a bazaar {speed, +Blink rF+
                  | Int-5}
144656 | Zot:4    | Killed Parghit
144782 | Zot:5    | Entered Level 5 of the Realm of Zot
145027 | Zot:5    | Reached skill level 19 in Spellcasting
145273 | Zot:5    | Noticed an orb of fire
145282 | Zot:5    | Gained mutation: Your magical capacity is low. (-10% MP)
                  | [an orb of fire]
145287 | Zot:5    | Killed an orb of fire
145442 | Zot:5    | Lost mutation: You are frail. (-10% HP) [potion of
                  | mutation]
145442 | Zot:5    | Lost mutation: You are covered in fur. (AC +1) [potion of
                  | mutation]
145442 | Zot:5    | Gained mutation: A frigid envelope surrounds you and
                  | freezes all who hurt you. [potion of mutation]
145442 | Zot:5    | Gained mutation: You are somewhat resistant to further
                  | mutation. [potion of mutation]
145443 | Zot:5    | Lost mutation: Your spells are a little easier to cast, but
                  | a little less powerful. [potion of mutation]
145443 | Zot:5    | Lost mutation: You are somewhat resistant to further
                  | mutation. [potion of mutation]
145443 | Zot:5    | Lost mutation: You occasionally lose the ability to drink
                  | potions when taking damage. [potion of mutation]
145443 | Zot:5    | Gained mutation: You have hoof-like feet. [potion of
                  | mutation]
145443 | Zot:5    | Gained mutation: You expend magic power (3 MP) to
                  | strengthen your wands. [potion of mutation]
145791 | D:9      | Bought the ring of the Mage {Wiz Archmagi} for 714 gold
                  | pieces
145791 | D:9      | Found the ring of the Mage {Wiz Archmagi}
146318 | Zot:5    | Noticed an orb of fire
146325 | Zot:5    | Noticed an ancient lich
146336 | Zot:5    | Noticed an orb of fire
146336 | Zot:5    | Noticed an orb of fire
146342 | Zot:5    | Noticed an ancient lich
146344 | Zot:5    | Killed an orb of fire
146344 | Zot:5    | Killed an orb of fire
146349 | Zot:5    | Killed an orb of fire
146349 | Zot:5    | Noticed a dread lich
146357 | Zot:5    | Reached skill level 20 in Spellcasting
146360 | Zot:5    | Killed an ancient lich
146471 | Zot:5    | Killed an ancient lich
146479 | Zot:5    | HP: 140/287 [Killer Klown/klown pie (33)]
146509 | Zot:5    | HP: 92/221 [electric golem/bolt of lightning (30)]
146514 | Zot:5    | HP: 59/221 [Killer Klown/+12 club of pain (18)]
146521 | Zot:5    | HP: 48/287 [Killer Klown/+12 club of pain (12)]
147220 | Zot:5    | Killed a dread lich
147664 | Zot:5    | Got the Orb of Zot
147676 | Zot:5    | Noticed Nerghex the pandemonium lord
148099 | D:10     | Noticed Haopnen the pandemonium lord
148341 | D:$      | Escaped with the Orb!

Illustrated notes

Levels and vault maps discovered:
D:1:      amcnicky_arrival_flooded_fountain, layout_loops_ring,
          chequers_ecumenical_altar_island
D:2:      layout_loops_ring, chequers_serial_rivers_micro_a, uniq_robin
D:3:      layout_loops_ring, dreamdust_princess_corridor, minmay_cut_off,
          uniq_grinder
D:4:      layout_gridville, serial_shops, shop
D:5:      layout_cave_pools, trog_book, minmay_temple_entry_mini_moons,
          solitary_fountain
D:6:      layout_loops_cross, amcnicky_altar_gilded
D:7:      layout_loops_ring, kennysheep_nondescript
D:8:      minmay_distorted_concentric_squares, layout_basic, serial_shops, shop,
          reono_crystal_passage, chequers_big_river, uniq_joseph
D:9:      layout_rooms, david_lair_shrubbed, minmay_lizard_king
D:10:     cheibrodos_statue_roulette, layout_basic,
          nicolae_overflow_hidden_temple, enter_bailey_2,
          gammafunk_ghost_cemetery, special_room [special_room_kobold],
          serial_ice, serial_ice_j, serial_ice_m, serial_ice_e, serial_ice_f,
          serial_ice_n, serial_ice_h, serial_ice_o, serial_ice_g, serial_ice_a,
          serial_ice_d, minmay_misc_feat_four_crosses, minmay_misc_feat_chi,
          uniq_josephine
D:11:     layout_stronghold, gauntlet_entry_generic, enter_trove_0,
          solitary_fountain, uniq_sonja, uniq_urug, uniq_lodul
D:12:     layout_basic, hiddenorc2_lemuel, serial_shops,
          nicolae_shop_hallway_stairs, kiku_gazebo_garden_becter
D:13:     layout_rooms
D:14:     layout_basic, skrybe_vaults_entry_preservation,
          kennysheep_pointless_box, serial_shops, nicolae_shop_hallway_plus,
          makhleb_altar_promises_db, uniq_snorg
D:15:     hangedman_depths_entry_civil_slaughter, layout_basic,
          nicolae_triple_integral, nicolae_concentric_dashed_squares_wild
Temple:   bh_familiar_temple
Lair:1:   layout_roguey, chequers_serial_rivers_micro_d
Lair:2:   statuecave_lemuel, layout_cave_shapes, guppyfry_snake_entry_garden
Lair:3:   layout_cave_pods, skrybe_swamp_entry_bodies, special_room
          [special_room_mythical_zoo], serial_bayou_lagoon_a,
          lemuel_fruit_fields, uniq_rupert
Lair:4:   cheibrodos_lair_overgrown_chateau, layout_long_grid, basic_altar,
          enter_volcano_1, ice2_lemuel
Lair:5:   due_jungle_book, layout_regular_city, minmay_slime_entry_jelly_boxes,
          serial_bayou_pond_e, patterned_corridor, lemuel_fruit_fields,
          infiniplex_staircase_pool
Swamp:1:  layout_falls_marsh, evilmike_swamp_ruin_house_5
Swamp:2:  nicolae_swamp_ascending_descending, layout_falls_marsh,
          portal_ice_cave_entry_pillars_1, evilmike_swamp_ruin_wall, swamp_pool3
Swamp:3:  layout_basic_swamp, nicolae_swamp_tree_designs, uniq_bai_suzhen
Swamp:4:  swamp_basic_johnstein, layout_basic_swamp, swamp_pool2
Snake:1:  gammafunk_the_bubble [the_bubble_gammafunk_roulette],
          layout_misc_corridors, serial_bayou_shore_a
Snake:2:  nrook_guardian_serpent_snake_passage, layout_chambers
Snake:3:  layout_layer_cave, serial_shops, shop
Snake:4:  grunt_snake_rune_serpentine_throne, layout_rooms, lemuel_oklob_altar
Slime:1:  layout_caves
Slime:2:  layout_caves
Slime:3:  layout_caves
Slime:4:  layout_caves
Slime:5
Orc:1:    layout_caves, nicolae_orc_rockfall
Orc:2:    st_orc_elflike, layout_caves, uniq_saint_roka
Elf:1:    elf_arrival_001, layout_loops_cross, minmay_elf_necromancy
Elf:2:    elven_hall_of_blades_hangedman_alternative
          [nicolae_vaults_blade_armed_guards], layout_onion_city,
          minmay_shop_star
Elf:3:    minmay_elf_hall_spiked, layout_geoelf_castle, uniq_mara, uniq_asterion
Vaults:1: v_misc_25, nicolae_vaults_disjoint_gnomons,
          nicolae_vaults_network_periphery, hangedman_vaults_maws,
          vaults_room_fours, v_misc_25, v_misc_3, grunt_vaults_funnel,
          v_misc_22, vaults_room_pools, nicolae_vaults_murderbox,
          layout_vaults_maze, serial_shops, shop_fountains,
          nicolae_lakefront_shop, shop, nicolae_shop_advertising_works
          [nicolae_subvault_shop_adworks], nicolae_lakefront_shop, uniq_aizul
Vaults:2: v_misc_26, v_alt_pattern_3, nicolae_vaults_minivaults,
          vaults_dpeg_hooks, v_misc_3, vaults_mumra_hex, v_misc_16,
          vaults_mumra_chevron, layout_vaults_quadrants
Vaults:3: vaults_room_door_hall, minmay_crypt_entry_simple_box,
          nicolae_vaults_stairing_the_circle, v_misc_25, v_misc_9,
          vaults_standard_mumra_enter_the_diamond, v_misc_13,
          hangedman_vaults_variations, vaults_room_fours, v_misc_14,
          nicolae_vaults_rhombus_6, special_room_vaults [special_room_orc],
          layout_vaults_omnicross, uniq_margery
Vaults:4: vaults_room_boxed, sword_in_stone, hangedman_vaults_locks,
          hangedman_vaults_stretched_pinwheel, v_misc_9,
          grunt_vaults_hallway_short, vaults_room_pools,
          nicolae_vaults_border_crossing, layout_vaults_chaotic_city,
          serial_shops, shop
Vaults:5
Crypt:1:  layout_chaotic_city, grunt_megastairs_3, grunt_crypt_arrival_webbed,
          uniq_sojobo, uniq_josephina, uniq_jory
Crypt:2:  layout_misc_corridors
Crypt:3:  due_elkab, layout_chaotic_city, uniq_xtahua
Depths:1: minmay_box_of_statues, layout_cave_shapes, enter_ziggurat_f,
          hangedman_decor_clover_reticule, pf_dread_powers_of_hell,
          kilobyte_mutagenic_chamber, minmay_shop_grove
Depths:2: hellmonk_paralyzer, layout_basic, good_gods_mini_temple, hell_entry,
          rand_demon_pan_entry_8, vehumet_crystals, infiniplex_staircase_trident
Depths:3: minmay_five_octagons, layout_cave_pools, hangedman_coc_ice_floe,
          grunt_decor_clamped, abyss_entry_crystal, serial_bayou_shore_b
Depths:4: grunt_zot_entry_gee_three, layout_gridville, hellmouth_1,
          minmay_misc_feat_diagonals, nicolae_ashenzari_skybound
Hell
Zot:1:    layout_gridlike, gammafunk_ghost_arena, zot_minivault_2
Zot:2:    layout_gridville
Zot:3:    layout_gridville, st_stairs_8
Zot:4:    layout_onion_interference, grunt_megastairs_5, uniq_parghit
Zot:5:    layout_twisted_circle

Skill      XL: |  1  2  3  4  5  6  7  8  9 10 11 12 13 14 15 16 17 18 19 20 21 22 23 24 25 26 27 |
---------------+----------------------------------------------------------------------------------+-----
Maces & Flails | 3 4 5 6 8 9 11 12 14 15 16 | 16.0
Armour         | 1 5 7 8 10 | 10.0
Dodging        | 4 8 11 12 14 15 | 15.0
Fighting       | 6 9 10 12 13 15 | 15.0
Earth Magic    | 8 10 12 13 14 15 17 20 23 25 | 25.7
Spellcasting   | 6 8 10 12 13 14 15 16 20 | 20.0
Conjurations   | 5 8 10 11 12 13 14 | 14.1
Shields        | 2 4 6 10 11 | 11.5
Translocations | 5 8 10 12 | 12.0
Transmutations | 9 10 | 10.0
Stealth        | |  3.3

Action                   |  1- 3 |  4- 6 |  7- 9 | 10-12 | 13-15 | 16-18 | 19-21 | 22-24 | 25-27 || total
-------------------------+-------+-------+-------+-------+-------+-------+-------+-------+-------++-------
Melee: Mace              |   128 |    52 |       |       |       |       |       |       |       ||   180
       Tailslap          |     9 |    13 |    31 |   116 |   361 |   232 |   488 |   430 |    93 ||  1773
       Punch             |     2 |     1 |     2 |     4 |    22 |       |       |       |       ||    31
       Flail             |       |    99 |    54 |       |       |       |       |       |       ||   153
       Hand axe          |       |       |    88 |   543 |   510 |   537 |   183 |       |       ||  1861
       Quarterstaff      |       |       |    77 |   231 |     9 |       |       |       |       ||   317
       Whip              |       |       |       |       |  1136 |   456 |  1303 |   235 |       ||  3130
       Scimitar          |       |       |       |       |    28 |       |       |       |       ||    28
       Kick              |       |       |       |       |       |   306 |  1053 |   908 |   210 ||  2477
       Demon whip        |       |       |       |       |       |       |   407 |   366 |       ||   773
       Eveningstar       |       |       |       |       |       |       |    29 |  1185 |   421 ||  1635
       Staff             |       |       |       |       |       |       |       |    24 |    35 ||    59
Throw: Dart              |     5 |    28 |    19 |   148 |    33 |       |       |       |       ||   233
       Javelin           |       |     2 |     2 |       |       |       |       |       |       ||     4
 Cast: Lee's Rapid Decon |       |       |       |       |    10 |    30 |   129 |    33 |       ||   202
       Stone Arrow       |       |       |       |       |     3 |   591 |   103 |    12 |       ||   709
       Iskenderun's Batt |       |       |       |       |     1 |   120 |    18 |    37 |       ||   176
       Iron Shot         |       |       |       |       |       |    52 |    88 |   363 |   247 ||   750
       Borgnjor's Vile C |       |       |       |       |       |     1 |     2 |       |       ||     3
       Passage of Golubr |       |       |       |       |       |       |     6 |    16 |    12 ||    34
       Mephitic Cloud    |       |       |       |       |       |       |     4 |    20 |       ||    24
       Statue Form       |       |       |       |       |       |       |     2 |   101 |    51 ||   154
       Dispersal         |       |       |       |       |       |       |       |    10 |     5 ||    15
       Shatter           |       |       |       |       |       |       |       |    12 |    55 ||    67
       Lehudib's Crystal |       |       |       |       |       |       |       |       |    62 ||    62
Invok: Potion Petition   |       |       |       |     2 |       |     2 |     1 |       |     5 ||    10
       Call Merchant     |       |       |       |     2 |       |     3 |     2 |     3 |       ||    10
       Bribe Branch      |       |       |       |       |       |       |       |       |     3 ||     3
 Abil: Rolling Charge    |     2 |     4 |     6 |    49 |    96 |    31 |   125 |    59 |    28 ||   400
       End Transformatio |       |       |       |       |       |       |       |     7 |     7 ||    14
Evoke: Wand              |       |     6 |    16 |    10 |     1 |    11 |     5 |       |     4 ||    53
       Phantom mirror    |       |       |       |     1 |     1 |     1 |     1 |     1 |     1 ||     6
       Box of beasts     |       |       |       |       |     1 |       |       |       |       ||     1
  Use: Scroll            |       |       |    11 |    14 |     9 |    14 |     7 |    25 |    14 ||    94
       Potion            |       |       |     1 |     1 |     2 |     4 |     7 |     7 |    26 ||    48
 Stab: Sleeping          |     2 |     1 |     5 |     3 |     8 |    12 |     4 |       |       ||    35
       Distracted        |       |       |     1 |     5 |    12 |     4 |    15 |    16 |     2 ||    55
       Confused          |       |       |       |       |       |       |     6 |    11 |       ||    17
       Invisible         |       |       |       |       |       |       |     2 |       |       ||     2
Armor: Leather armour    |    41 |       |       |       |   337 |   347 |   286 |       |       ||  1011
       Ring mail         |    12 |   100 |    79 |   106 |   153 |       |    71 |    21 |       ||   542
       Robe              |       |       |       |   139 |       |       |    81 |   159 |   104 ||   483
       Skin              |       |       |       |       |       |       |    34 |  1174 |   353 ||  1561
Dodge: Dodged            |    65 |    77 |    59 |   328 |   498 |   357 |   497 |  1256 |   539 ||  3676
Block: Buckler           |       |       |       |       |    90 |   281 |       |    90 |   386 ||   847
       Kite shield       |       |       |       |       |       |   120 |   798 |  1425 |       ||  2343
